Cogmind - Beta 17 @@@ ROGUE MODE // 2026.07.05 @ 03:47:22 Player: Cracklepappy Result: Destroyed by Enhanced Grunt with Neutron Cannon Performance ------------- Evolutions (9) 4500 Regions Visited (38) 7600 Robots Destroyed (538) 2690 Value Destroyed (27503) 27503 Prototype IDs (373) 7460 Alien Tech Used (4) 800 Bonus (76444) 76444 TOTAL SCORE: 126997 Bonus ------- High Alert Combat Kills 7269 Follower Combat Kills 2697 Prayed to X0-1V1 5000 Major X0-1V1 Interference 28000 Entered Garrisons 1200 Acquired ECA 300 Met Zhirov 300 Met Warlord at Base 500 MAIN.C Attacked Warlord 500 Warlord Defense Kills 5154 Met Warlord at Research 2000 Scanned by Researcher 500 Destroyed MAIN.C Guards 500 Met MAIN.C 5000 Destroyed MAIN.C Shell 5000 Destroyed MAIN.C 10000 Met Warlord at Command 2000 Met Architect 300 Destroyed A8 300 Destroyed A6 400 Friendly Fire -476 Cogmind --------- Core Integrity 0/1350 Matter 46/1100 Energy 98/100 System Corruption 13% Temperature Cool (-666) Movement Core (50) Location -1/Access_0 Parts ------- > --- POWER (2) -------- (None) > --- PROPULSION (8) --- (None) > --- UTILITY (10) ----- (None) > --- WEAPON (4) ------- (None) > --- INVENTORY (5) ---- Concept NT7 Matterbank (0) Experimental Weapon Cycler Heavy Hardcell Cannon Compact Linear Accelerator Peak State ------------ > --- POWER ------------ Vortex Chain Reactor > --- PROPULSION ------- Armored Heavy Treads Biometal Heavy Treads Experimental Biometal Heavy Treads Enhanced Armored Heavy Treads > --- UTILITY ---------- Advanced Cooling System Concept Antigrav Storage Unit Advanced Targeting Computer Experimental Armor Integrity Analyzer Advanced Particle Accelerator Experimental Weapon Cycler Centrium Medium Armor Plating Graphene Brace Experimental System Purifier X0-1V1's Piety Tracker > --- WEAPON ----------- Helical Railgun Helical Railgun Graviton Cannon Graviton Cannon > --- INVENTORY -------- Vortex Chain Reactor Heavy Siege Treads Armored Heavy Treads Biometal Heavy Treads Advanced Heavy Siege Treads Advanced Cooling System Concept NT7 Matterbank Precision Matter Filter Advanced Kinecellerator Concept Matter Streamer Compact HERF Cannon Potential Cannon Cooled Nova Cannon Hardcell Cannon Linear Accelerator Heavy Hardcell Cannon Point Singularity Launcher [Rating: 244] Favorites ----------- Power Light Nuclear Core Engine Light Ion Engine Power Core Light Nuclear Core Reactor Micro Antimatter Reactor Propulsion Improved VTOL Module Treads Enhanced Armored Heavy Treads Leg Centrium Leg Hover Unit Cooled Aerolev Unit Flight Unit Improved VTOL Module Utility X0-1V1's Piety Tracker Device X0-1V1's Piety Tracker Storage Small Storage Unit Processor Spectral Analyzer Hackware Advanced Hacking Suite Protection Centrium Medium Armor Plating Weapon Helical Railgun Energy Gun Tesla Rifle Energy Cannon Long-range Phase Cannon Ballistic Gun Helical Railgun Ballistic Cannon Graviton Cannon Launcher Mini Smartbomb Launcher Special Weapon Plasma Cutter Impact Weapon Gravity Flail Slashing Weapon Ionic Axe Piercing Weapon Lance Special Melee Weapon Chaos Jack Build | -11 -10 -10 -9 -9 -9 -8 -8 -8 -8 -8 -7 -7 -7 -7 -7 -7 -7 -7 -6 -6 -5 -5 -5 -5 -4 -4 -4 -4 -4 -3 -3 -3 -3 -2 -2 -1 -1 -1 ------- Run | Yrd Mat Min Mat Min Exi Min Mat Gar Mat Gar Fac Was Fac Gar Fac Gar Fac Gar Fac Gar Fac Upp Upp War Pro Fac Upp Upp Zhi Pro Res Qua Frg Res Tes Acc Com Ac0 Slots Evolved 16 | . . . 2 . . . 2 . . . 2 . . . . . . . 2 . 2 . . . . 2 . . . . 2 . . 2 . . . . Power . | . . . . . . . . . . . . . . . . . . . . . . . . . . . . . . . . . . . . . . . Propulsion 7 | . . . 1 . . . 1 . . . 2 . . . . . . . . . . . . . . 1 . . . . 1 . . 1 . . . . Utility 6 | . . . . . . . 1 . . . . . . . . . . . 2 . . . . . . 1 . . . . 1 . . 1 . . . . Weapon 3 | . . . 1 . . . . . . . . . . . . . . . . . 2 . . . . . . . . . . . . . . . . . Parts Attached 528 | 5 21 3 26 3 . 1 24 19 15 8 12 . . 27 2 17 13 29 20 18 12 3 . 16 3 18 4 4 5 1 15 1 35 32 11 12 79 14 Power 85 | . 5 2 3 1 . 1 6 9 1 3 4 . . 7 1 5 1 5 5 3 . . . 1 . 1 1 . . . . . 3 5 1 2 7 2 Engine 20 | . 4 1 3 1 . . 4 1 1 2 1 . . 2 . . . . . . . . . . . . . . . . . . . . . . . . Core 46 | . 1 1 . . . 1 2 8 . 1 3 . . 5 1 5 1 5 5 2 . . . . . 1 1 . . . . . . 1 . . 2 . Reactor 19 | . . . . . . . . . . . . . . . . . . . . 1 . . . 1 . . . . . . . . 3 4 1 2 5 2 Propulsion 175 | 2 8 1 11 . . . 7 1 3 . 2 . . 4 . 5 4 12 9 11 1 1 . 3 1 11 . . 2 . 6 1 14 12 2 6 31 4 Treads 17 | 2 . . . . . . . . . . . . . . . . . . . . . . . . . . . . . . . . 2 1 . . 8 4 Leg 3 | . . . . . . . . . . . . . . . . . . . . . . . . . . . . . . . . . . 3 . . . . Wheel . | . . . . . . . . . . . . . . . . . . . . . . . . . . . . . . . . . . . . . . . Hover 22 | . . . . . . . . . . . . . . . . . . 3 . 8 1 . . 2 1 3 . . . . . . . 1 . . 3 . Flight 133 | . 8 1 11 . . . 7 1 3 . 2 . . 4 . 5 4 9 9 3 . 1 . 1 . 8 . . 2 . 6 1 12 7 2 6 20 . Utility 148 | 2 3 . 4 1 . . 5 5 8 3 4 . . 8 1 2 1 7 4 1 8 1 . 5 2 3 2 4 3 . 6 . 12 5 3 4 25 6 Device 103 | 2 2 . 2 1 . . 4 4 2 3 4 . . 7 1 2 . 7 3 . 4 1 . 4 1 2 1 4 2 . 2 . 7 4 2 3 19 3 Storage 17 | . 1 . 1 . . . . . 2 . . . . 1 . . 1 . . . 3 . . . 1 . . . . . 2 . 1 1 . . 1 2 Processor 16 | . . . 1 . . . 1 1 3 . . . . . . . . . 1 1 1 . . 1 . 1 1 . . . . . 2 . . 1 1 . Hackware 5 | . . . . . . . . . . . . . . . . . . . . . . . . . . . . . . . 1 . . . 1 . 3 . Protection 7 | . . . . . . . . . 1 . . . . . . . . . . . . . . . . . . . 1 . 1 . 2 . . . 1 1 Artifact . | . . . . . . . . . . . . . . . . . . . . . . . . . . . . . . . . . . . . . . . Weapon 120 | 1 5 . 8 1 . . 6 4 3 2 2 . . 8 . 5 7 5 2 3 3 1 . 7 . 3 1 . . 1 3 . 6 10 5 . 16 2 Energy Gun 4 | . . . . . . . . . . . . . . 1 . . . . . . . . . 1 . . 1 . . . . . . . 1 . . . Energy Cannon 11 | . . . . . . . . . . . . . . 1 . 1 . . . . 1 . . . . . . . . . 1 . 2 1 2 . 2 . Ballistic Gun 62 | 1 3 . 6 1 . . 5 4 3 1 . . . 4 . 3 5 3 2 2 . . . 5 . 2 . . . . 1 . 1 6 . . 4 . Ballistic Cannon 17 | . 1 . . . . . . . . . . . . . . . . 2 . . . . . . . 1 . . . 1 . . . 1 2 . 8 1 Launcher 8 | . 1 . 1 . . . . . . . . . . 2 . . . . . . . . . . . . . . . . 1 . 1 . . . 1 1 Special Weapon 3 | . . . . . . . . . . 1 . . . . . . . . . . 1 . . 1 . . . . . . . . . . . . . . Impact Weapon 1 | . . . . . . . . . . . . . . . . . . . . . . . . . . . . . . . . . . 1 . . . . Slashing Weapon 12 | . . . . . . . 1 . . . 1 . . . . 1 2 . . 1 1 1 . . . . . . . . . . 2 1 . . 1 . Piercing Weapon . | . . . . . . . . . . . . . . . . . . . . . . . . . . . . . . . . . . . . . . . Special Melee Weapon 2 | . . . 1 . . . . . . . 1 . . . . . . . . . . . . . . . . . . . . . . . . . . . Unidentified Prototypes 47 | . 1 . 1 . . . . . 1 . . . . 6 . . 1 1 . . 2 . . 8 . 2 . . 2 . 2 . 11 5 2 . 2 . Corrupted Parts 8 | . . . . . . . . . . . . . . . . . . . . . . . . 2 . . . . . . . . 4 . . . . 2 System Corruption 48 | . . . . . . . . . . . . . . . . . . . . . . . . 18 . . . . . . . . 17 . . . . 13 Parts Lost 142 | . 1 1 5 . . . 5 2 1 3 . . . 10 . 4 . 16 5 5 . 1 . . 3 6 . 1 . . . . 20 . 2 4 35 12 Power 18 | . . 1 1 . . . 1 . . 1 . . . 4 . 1 . 2 1 . . . . . . . . . . . . . 1 . . 1 2 2 Propulsion 65 | . 1 . 2 . . . 2 . . . . . . 1 . 3 . 12 3 3 . 1 . . 2 6 . . . . . . 8 . . 1 18 2 Utility 39 | . . . 1 . . . 1 2 1 1 . . . 3 . . . 2 . . . . . . 1 . . 1 . . . . 7 . 2 1 10 6 Weapon 20 | . . . 1 . . . 1 . . 1 . . . 2 . . . . 1 2 . . . . . . . . . . . . 4 . . 1 5 2 Highest Loss Streak 17 | . 1 1 2 . . . 2 1 1 1 . . . 8 . 4 . 5 2 2 . 1 . . 2 4 . 1 . . . . 6 . 1 2 17 2 To Critical Strikes 1 | . . . . . . . . . . . . . . . . . . . . . . . . . . . . . . . . . . . . . 1 . Average Backups 11 | 3 6 5 6 8 8 8 7 7 7 7 7 8 8 7 8 7 9 9 9 9 11 12 12 12 13 15 13 14 14 14 11 14 10 24 23 23 18 10 Power . | . . . . . . . . . . . . . . . . . . . . . . . . 1 1 1 1 1 . . . . . . . . 1 . Propulsion 2 | . 1 . 1 1 1 1 1 . 2 3 1 1 1 . 1 1 2 1 1 2 5 5 5 4 4 3 1 1 1 1 2 3 1 5 5 5 3 2 Utility 3 | . 1 . 1 1 1 1 1 . . 1 2 2 2 2 2 2 2 1 2 1 3 5 5 3 3 5 7 8 8 9 4 4 3 10 11 10 5 3 Weapon 4 | 1 3 4 3 4 4 4 3 3 3 2 3 4 4 3 4 3 3 5 5 4 2 1 1 2 3 3 3 2 2 2 3 3 2 6 5 6 7 4 Tool/Special . | . . . . . . . . . . . . . . . . . . . . . . . . . . . . . . . . . . . . . . . Unused Backups 139 | 1 4 . 2 1 2 . 5 2 3 3 4 . . 3 . 3 . 8 5 4 6 1 . 2 1 2 3 2 2 6 3 . 6 28 5 3 17 2 Power 7 | . . . . . . . . . . . . . . . . . . . . 1 . . . . 1 1 . . . . . . 1 . . . 3 . Propulsion 30 | . . . 1 . . . 2 . . 1 1 . . . . . . . 2 . 2 . . 1 . . . . 1 1 1 . . 9 2 . 6 . Utility 56 | 1 2 . . . 2 . . 2 2 . 2 . . 1 . 3 . 3 1 1 1 . . 1 . 1 3 2 1 4 2 . 4 13 1 1 1 1 Weapon 43 | . 2 . 1 1 . . 3 . 1 2 1 . . 2 . . . 5 2 2 3 . . . . . . . . . . . 1 5 2 2 7 1 Tool/Special 3 | . . . . . . . . . . . . . . . . . . . . . . 1 . . . . . . . 1 . . . 1 . . . . Average Slot Usage (%) 86 | . 95 92 98 100 100 100 90 90 90 96 94 92 92 92 100 87 100 88 96 93 94 97 94 87 93 93 90 89 90 90 89 88 67 79 81 78 66 63 Engine 2 | . 11 . 9 10 10 8 7 . 7 7 4 . . 2 . . . . . . . . . . . . . . . . . . . . . . . . Core 4 | . 1 12 . . . 1 2 8 . 5 8 14 14 9 14 11 14 11 11 10 5 5 5 . 3 5 5 5 5 5 3 4 1 1 . . . . Reactor 2 | . . . . . . . . . . . . . . . . . . . . . 5 5 5 5 5 4 5 5 5 5 4 4 4 6 7 7 3 3 Treads 1 | . 1 . . . . . . . . . . . . . . . . . . . . . . . . . . . . . . . . 4 . . 8 14 Hover 5 | . . . . . . . . . . . . . . . . . . 4 . 15 35 34 33 37 33 21 . . . . . . . . . . 1 . Flight 22 | . 25 26 29 30 30 30 26 25 25 25 34 35 35 34 35 29 42 36 36 22 2 2 5 . . 12 30 30 30 30 31 29 21 12 24 24 11 . Device 19 | . 16 26 20 20 20 20 23 26 26 25 28 28 28 25 28 24 14 13 18 15 19 22 22 16 15 15 12 13 15 15 21 22 15 15 19 16 17 21 Storage 5 | . 9 . 8 10 10 10 8 5 7 8 7 7 7 7 7 6 7 6 6 6 5 5 5 5 5 5 5 5 5 5 4 4 2 4 3 3 4 3 Processor 4 | . . . . . . . 1 8 2 6 . . . . . . . . 3 7 1 . . 4 5 10 12 10 10 10 4 4 7 10 7 10 7 3 Ballistic Gun 10 | . 25 26 28 30 30 30 20 15 15 10 3 . . 7 7 10 15 10 13 5 8 9 . 4 16 15 12 10 10 8 6 9 1 7 9 1 2 1 Ballistic Cannon 1 | . 1 . . . . . . . . . . . . . . . . 1 . . . . . . . . . . . 1 1 . . 1 . 6 4 8 Slashing Weapon 2 | . . . . . . . . . . 5 6 7 7 3 7 2 5 1 3 4 2 5 11 5 4 3 3 4 5 5 3 4 5 4 3 3 . . Peak Build Rating 244 | 5 24 24 34 34 34 36 47 49 48 50 59 58 58 73 67 69 66 71 79 99 119 118 109 141 141 151 150 148 154 154 184 185 185 240 242 237 244 233 Average Rating 102 | 2 11 23 28 34 33 34 36 45 45 47 56 58 58 62 66 60 61 59 73 77 108 111 109 127 129 140 146 145 149 152 176 180 147 214 228 223 185 192 On Entrance 96 | . 4 24 24 34 34 34 36 44 46 45 47 58 58 58 67 67 58 65 60 65 81 116 109 109 141 131 145 145 146 153 152 184 176 153 227 234 217 226 Avg Prop Armor Cover (%) 5 | 29 29 . . . . . . . . . . . . . . . . 8 5 2 1 1 2 2 . 1 . . . . . . 10 7 . . 4 . Naked Turns 55 | . . . . . . . . . . . . . . . . . . . . . . . . . . . . . . . . . . . . . . 55 Heaviest Build 146 | 3 14 12 18 18 18 20 20 20 21 23 27 27 27 34 32 34 34 42 38 39 68 68 56 82 78 81 62 61 61 66 69 65 58 116 77 75 144 146 Greatest Support 329 | 20 14 14 21 21 21 21 26 21 21 21 31 31 31 39 36 38 42 43 45 69 80 71 68 83 83 87 67 64 64 64 70 70 120 120 77 78 329 300 Greatest Overweight (x) 11 | . 1 . 1 . . . . . . 1 . . . . . 1 . 3 1 2 . . . . 1 1 1 . . 1 . . 2 6 . . 11 . Average Overweight (x) . | . . . . . . . . . . . . . . . . . . . . . . . . . . . . . . . . . . . . . . . Largest Inventory Capacity 25 | 5 8 5 8 8 8 8 8 8 8 8 8 8 8 8 8 8 10 10 10 10 15 15 15 15 20 20 15 15 15 15 15 15 25 25 25 25 25 25 Average Capacity 13 | 5 7 5 7 8 8 8 8 7 7 8 8 8 8 8 8 8 9 10 10 10 13 15 15 15 16 18 15 15 15 15 12 15 12 25 25 25 25 16 Most Carried 25 | 5 8 5 8 8 8 8 8 8 8 8 8 8 8 8 8 8 10 10 10 10 15 15 15 15 19 20 15 15 15 15 15 15 24 25 25 25 25 23 Average Carried 12 | 3 6 5 7 7 8 8 7 7 7 7 7 8 8 7 8 7 9 9 9 9 13 14 15 14 15 17 14 14 14 14 12 14 10 24 24 24 22 14 Final Capacity 25 | 5 5 5 8 8 8 8 8 5 8 8 8 8 8 8 8 8 10 10 10 10 15 15 15 15 20 15 15 15 15 15 15 15 25 25 25 25 25 5 Final Carried 25 | 5 5 5 8 8 8 8 8 5 8 8 8 8 8 8 8 8 10 10 10 10 15 15 15 15 19 15 15 15 15 15 15 15 24 25 25 25 23 5 Class Distribution -------------------- 27% | Scavenger-Sprinter 25% | Sprinter 15% | Mutant 10% | Scavenger-Mutant 7% | Gunner 4% | Scavenger-Gunner 3% | Scavenger-Tank Dominant Class ---------------- Scavenger-Mutant | -10/Materials Mutant | -10/Mines Scavenger-Gunner | -9/Materials Gunner | -9/Mines Gunner | -9/Exiles Gunner | -8/Mines Mutant | -8/Materials Mutant | -8/Garrison Sprinter | -8/Materials Commander-Sprinter | -8/Garrison Commander-Sprinter | -7/Factory Sprinter | -7/Waste Sprinter | -7/Factory Sprinter | -7/Garrison Scavenger-Sprinter | -7/Factory Scavenger-Sprinter | -7/Garrison Scavenger-Sprinter | -7/Factory Scavenger-Sprinter | -7/Garrison Scavenger-Sprinter | -6/Factory Scavenger-Sprinter | -6/Garrison Sprinter | -5/Factory Tank | -5/Upper Caves Mutant | -5/Upper Caves Sprinter | -5/Warlord Sprinter | -4/Proximity Caves Sprinter | -4/Factory Scavenger-Sprinter | -4/Upper Caves Sprinter | -4/Upper Caves Sprinter | -4/Zhirov Gunner | -3/Proximity Caves Sprinter | -3/Research Sprinter | -3/Quarantine Sprinter | -3/Protoforge Scavenger-Sprinter | -2/Research Scavenger-Sprinter | -2/Testing Sprinter | -1/Access Gunner | -1/Command Scavenger-Tank | -1/Access_0 Resources | -11 -10 -10 -9 -9 -9 -8 -8 -8 -8 -8 -7 -7 -7 -7 -7 -7 -7 -7 -6 -6 -5 -5 -5 -5 -4 -4 -4 -4 -4 -3 -3 -3 -3 -2 -2 -1 -1 -1 ----------- Run | Yrd Mat Min Mat Min Exi Min Mat Gar Mat Gar Fac Was Fac Gar Fac Gar Fac Gar Fac Gar Fac Upp Upp War Pro Fac Upp Upp Zhi Pro Res Qua Frg Res Tes Acc Com Ac0 Matter Collected 31975 | 331 522 280 1743 71 88 6 1398 966 1237 408 160 . . 1739 104 1395 721 2875 582 744 510 254 163 3580 562 824 714 415 204 342 937 280 1208 1962 130 52 3214 1254 Remotely 3748 | . . . . . . . . . . . . . . . . . . . . . . . . 3024 . . . . . . . . . . . . 456 268 Salvage Created 22108 | 171 596 345 1859 19 . . 1447 1076 1030 278 394 . . 1593 104 769 391 2457 499 905 490 148 102 931 542 880 592 352 204 279 769 280 1083 183 304 42 786 208 Parts 1117 | 16 52 28 114 4 . . 96 64 42 24 12 . . 75 5 40 23 104 29 46 17 9 6 41 25 56 16 7 2 9 25 16 49 8 13 6 23 15 Haulers Intercepted 25 | . 1 . 4 . . . 5 . 4 . 1 . . . 2 . 2 . 1 . 1 . . . . 1 . 1 . . 1 . . 1 . . . . Recyclers Shooed 8 | 1 1 . 2 . . . 1 . 1 . . . . . . . . . . . 1 . . . . 1 . . . . . . . . . . . . Parts Field Recycled . | . . . . . . . . . . . . . . . . . . . . . . . . . . . . . . . . . . . . . . . Retrieved Matter . | . . . . . . . . . . . . . . . . . . . . . . . . . . . . . . . . . . . . . . . Parts Self-Destructed 49 | . . . . . . . . . . . . . . . . . . . . . . 4 . . 21 . 10 4 1 9 . . . . . . . . Prevented . | . . . . . . . . . . . . . . . . . . . . . . . . . . . . . . . . . . . . . . . Parts Restored 1 | . . . . . . . . . . . . . . . . . . 1 . . . . . . . . . . . . . . . . . . . . Broken 1 | . . . . . . . . . . . . . . . . . . 1 . . . . . . . . . . . . . . . . . . . . Kills | -11 -10 -10 -9 -9 -9 -8 -8 -8 -8 -8 -7 -7 -7 -7 -7 -7 -7 -7 -6 -6 -5 -5 -5 -5 -4 -4 -4 -4 -4 -3 -3 -3 -3 -2 -2 -1 -1 -1 ------- Run | Yrd Mat Min Mat Min Exi Min Mat Gar Mat Gar Fac Was Fac Gar Fac Gar Fac Gar Fac Gar Fac Upp Upp War Pro Fac Upp Upp Zhi Pro Res Qua Frg Res Tes Acc Com Ac0 Combat Hostiles Destroyed 445 | . 17 10 39 . . . 28 24 11 11 1 . . 29 . 27 4 52 11 22 . 5 . 44 19 26 3 5 . 7 3 4 22 . 3 1 8 9 Melee 22 | . . . . . . . . . . . 1 . . 5 . . . . . 5 . . . . . 2 . . . 2 . . 4 . 3 . . . Guns 212 | . 14 10 35 . . . 27 21 11 9 . . . 5 . 16 4 16 11 8 . . . . 4 11 3 1 . . . 3 1 . . . 2 . Cannons 30 | . 3 . . . . . . . . . . . . . . . . 16 . 3 . . . . . . . . . . 2 . . . . 1 2 3 AOE 171 | . . . 4 . . . 1 3 . 2 . . . 19 . 11 . 20 . 5 . 5 . 44 15 13 . 4 . 5 . 1 10 . . . 4 5 Classes Destroyed 26 | 2 5 . 5 . . . 2 . 1 3 . . . . . . . 1 . 3 . 1 . 2 . . . . . . . . 1 . . . . . Worker 16 | . . . 2 . . . 5 . . . 2 . . . . . 1 . . . 4 . . . . 1 . . . . 1 . . . . . . . Builder 5 | . . . 1 . . . . . . . . . . . . . . . . . 1 . . . . 2 . . . . . . 1 . . . . . Tunneler 8 | 5 . . . 1 . . . . . . 1 . . . . . . . . . . . . . . . . . . . 1 . . . . . . . Hauler 25 | . 1 . 4 . . . 5 . 4 . 1 . . . 2 . 2 . 1 . 1 . . . . 1 . 1 . . 1 . . 1 . . . . Recycler 18 | 1 . 1 3 . . . 1 . 3 . 2 . . . . . 2 . . . 2 . . . . . . . . . 2 1 . . . . . . Mechanic 6 | . 1 . . . . . . . 1 . . . . 1 . . . 2 1 . . . . . . . . . . . . . . . . . . . Operator 4 | . . . . . . . 1 . . . . . . . . . . . 1 . . . . . . 1 . . . . . . . . . . 1 . Drone 3 | . . . . . . . . . . . . . . . . . . . . 1 . . . . . . . . . 2 . . . . . . . . Watcher 8 | . 1 . 1 . . . . . . . 1 . . . . . 1 1 . . . . . . . . . . . . 1 . . 2 . . . . Swarmer 139 | . 6 5 12 . . . 11 5 2 4 . . . 8 . 10 2 13 10 8 . 5 . 1 10 17 . . . . . 3 3 . . . 4 . Cutter 3 | . . . . . . . . . . 3 . . . . . . . . . . . . . . . . . . . . . . . . . . . . Saboteur 4 | . . . . . . . . . . . . . . . . . . . . 1 . . . 3 . . . . . . . . . . . . . . Grunt 153 | . 11 5 20 . . . 8 15 6 2 . . . 7 . 10 . 20 . 3 . . . 23 7 6 . 5 . 5 . . . . . . . . Brawler 11 | . . . . . . . . . 1 . . . . . . . . 1 . 5 . . . 3 1 . . . . . . . . . . . . . Duelist 6 | . . . 1 . . . . . 1 . . . . . . 1 . . . 2 . . . . . 1 . . . . . . . . . . . . Protector 6 | . . . 1 . . . . . . . . . . 2 . . . . . . . . . 3 . . . . . . . . . . . . . . Researcher 2 | . . . . . . . . . . . . . . . . . . . . . . . . . . . . . . . . . 1 . 1 . . . Sentry 43 | . . . 5 . . . 6 1 1 . . . . 7 . 2 . 11 1 . . . . . . 2 . . . . 3 . 4 . . . . . Demolisher 1 | . . . . . . . . . . . . . . . . . . 1 . . . . . . . . . . . . . . . . . . . . Specialist 7 | . . . . . . . . . . 1 . . . 2 . . . . . . . . . 1 . . . . . . . . . . 3 . . . Hunter 18 | . . . . . . . 3 3 . . 1 . . 3 . 3 . 2 . . . . . 1 . . . . . . . . 2 . . . . . Programmer 22 | . . . . . . . . . . 1 . . . . . 1 2 4 . 1 . . . 4 1 . 3 . . . . 1 3 . . 1 . . Behemoth 4 | . . . . . . . . . . . . . . . . . . . . 1 . . . 3 . . . . . . . . . . . . . . Enhanced Grunt 5 | . . . . . . . . . . . . . . . . . . . . . . . . . . . . . . . . . . . . . . 5 Enhanced Hunter 2 | . . . . . . . . . . . . . . . . . . . . . . . . . . . . . . . . . . . . . . 2 Decapitator 10 | . . . . . . . . . . . . . . . . . . . . . . . . . . . . . . . . . 10 . . . . . Combat Programmer 2 | . . . . . . . . . . . . . . . . . . . . . . . . . . . . . . . . . . . . . 2 . Striker 1 | . . . . . . . . . . . . . . . . . . . . . . . . 1 . . . . . . . . . . . . . . Executioner 1 | . . . . . . . . . . . . . . . . . . . . . . . . 1 . . . . . . . . . . . . . . Decomposer 2 | . . . . . . . . . . . . . . . . . . . . . . . . . . . 1 1 . . . . . . . . . . Packrat 2 | . . . . . . . . . . . . . . . . . . . . . . . . . . . 1 1 . . . . . . . . . . Samaritan 3 | . . . . . . . . . . . . . . . . . . . . . . 1 2 . . . . . . . . . . . . . . . Savage 1 | . . . . . . . . . . . . . . . . . . . . . . . . . . . 1 . . . . . . . . . . . Wizard 1 | . . . . . . . . . . . . . . . . . . . . . . . . . . . . . . . . . . . . . 1 . Best Kill Streak 24 | 2 6 5 7 1 . . 12 5 4 6 2 . . 6 1 8 3 8 8 4 5 5 . 12 10 24 2 6 . 5 6 2 6 1 3 1 4 3 Combat Bots Only 21 | . 5 5 7 . . . 5 5 3 6 1 . . 6 . 8 2 8 8 4 . 5 . 12 10 21 2 5 . 5 1 2 6 . 3 1 4 3 Max Kills in Single Turn 5 | 1 1 2 3 1 . . 2 2 1 1 1 . . 3 1 2 1 3 2 2 1 5 1 4 4 3 2 1 . 3 1 1 2 1 1 1 3 2 Gunslinging 1 | . . 1 1 . . . 1 . . . . . . . . . . . 1 . . . . . . 1 1 . . . . . . . . . . . Exploded 5 | . . . 3 . . . 1 2 . 1 . . . 3 . 2 . 3 . 2 . 5 . 4 4 3 . 1 . 3 . 1 2 . . . 3 2 Melee 1 | . . . . . . . . . . . 1 . . 1 . . . . . 1 . . . . . 1 . . . 1 . . 1 . 1 . . . Uniques/NPCs Destroyed 4 | . . . . . . . . . . . . . . . . . . . . . . . . . . . . . . . . . . . . . 2 2 MAIN.C Shell (-1/Command) MAIN.C (-1/Command) A8 (-1/Access_0) A6 (-1/Access_0) Combat | -11 -10 -10 -9 -9 -9 -8 -8 -8 -8 -8 -7 -7 -7 -7 -7 -7 -7 -7 -6 -6 -5 -5 -5 -5 -4 -4 -4 -4 -4 -3 -3 -3 -3 -2 -2 -1 -1 -1 -------- Run | Yrd Mat Min Mat Min Exi Min Mat Gar Mat Gar Fac Was Fac Gar Fac Gar Fac Gar Fac Gar Fac Upp Upp War Pro Fac Upp Upp Zhi Pro Res Qua Frg Res Tes Acc Com Ac0 Hostile Shots Fired 2921 | . 39 40 121 . . . 100 98 41 38 . . . 216 6 189 21 197 89 97 33 17 . 49 56 82 28 6 . . 12 55 171 19 127 153 353 468 Missed 1260 | . 11 16 55 . . . 41 40 19 13 . . . 128 4 81 11 79 35 42 14 9 . 22 18 26 10 4 . . 6 28 73 10 64 90 151 160 Intercepted 13 | . . . . . . . . . . . . . . . . . . . . . . . . . . . . . . . . . . . . 4 9 . Deflected 12 | . . . . . . . . . . . . . . . . . . . . . . . . . . . . . . . . . 5 1 4 2 . . Hits 1661 | . 28 24 66 . . . 59 58 22 25 . . . 88 2 108 10 118 54 55 19 8 . 27 38 56 18 2 . . 6 27 98 9 63 63 202 308 Melee 35 | . . . 2 . . . . . 3 2 . . . . . . . . 1 11 . . . . . . . . . . . . 14 . . . . 2 Projectile 1626 | . 28 24 64 . . . 59 58 19 23 . . . 88 2 108 10 118 53 44 19 8 . 27 38 56 18 2 . . 6 27 84 9 63 63 202 306 AOE 27 | . . . . . . . . . . 3 . . . . . . . 2 . . . . . . . . . . . . . . 7 . 1 5 9 . Critical Strikes 87 | . 1 1 4 . . . 3 . 1 . . . . 3 . 1 1 1 . 1 . . . . 7 4 1 . . . 1 . 14 . 3 2 22 16 Actively Blocked 50 | . . . . . . . . . . . . . . . . . . . . . . . . . . . . . . . 1 . 13 . 3 2 17 14 Part Disruptions 2 | . . . . . . . . . . . . . . . . . . . . . . . . . . . . . . . . . . . 1 . . 1 Damage Taken 33963 | . 269 243 751 . . . 811 699 411 449 11 . . 1060 21 726 148 1525 700 711 321 141 . 149 607 1086 229 38 . . 382 553 3389 260 894 1397 6234 9748 Core 6331 | . 112 41 84 . . . 162 94 146 111 . . . 132 9 231 34 341 76 204 36 . . 8 52 81 29 . . . . 128 717 31 127 459 1154 1732 Absorbed by Shields 947 | . . . . . . . . 60 8 20 . . . 303 12 520 . . . . 8 16 . . . . . . . . . . . . . . . . Reduced by Siege Mode 657 | . . . . . . . . . . . . . . . . . . . . . . . . . . . . . . . . . . . . . 416 241 Redirected to Shielding 8 | . . . . . . . . . . . . . . . . . . . . . . . . . . . . . . . . . 8 . . . . . Ignored by Resistances 2739 | . . . . . . . . . . . . . . . . 61 . . . 6 . . . . 163 . 114 . . . 11 61 28 . 576 . 1719 . Regen/Repaired (Parts) 566 | . . . 19 . . . . . . . . . . . 4 . . . . . 37 . . 101 . 223 . . . . 32 . . 12 . 61 . 77 Core Remaining (%) 66 | 100 . 86 . . . 93 . . . 30 . . . . . . . 28 . 53 . . . . 87 . . . . 87 . . 11 . 86 . . . Volleys Fired 1384 | 27 53 26 94 3 2 . 81 80 61 36 . . . 59 . 67 9 165 15 97 6 1 . 97 30 46 21 15 . 26 27 14 45 2 5 2 72 100 Largest 5 | 1 2 2 3 3 1 . 3 2 2 2 . . . 2 . 2 3 3 3 3 1 1 . 1 3 4 3 3 . 1 4 3 1 1 1 2 5 3 Hottest 366 | 20 53 46 91 69 23 . 69 56 56 51 . . . 80 . 105 84 89 105 105 105 80 . 80 106 136 105 133 . 105 239 118 88 120 94 112 366 313 Shots Fired 2512 | 27 105 53 273 10 2 1 199 152 123 54 . . . 80 . 93 21 264 42 135 6 3 . 95 62 101 31 17 . 26 35 28 46 5 5 5 147 266 Gun 1674 | 27 89 53 271 10 2 1 197 150 123 51 . . . 52 . 76 21 175 41 90 . 2 . . 48 83 15 3 . . 5 27 19 2 . . 11 30 Cannon 578 | . 16 . . . . . . . . . . . . . . 1 . 60 1 36 5 . . . . 5 16 . . 23 30 . 13 3 5 5 134 225 Launcher 259 | . . . 2 . . . 2 2 . 3 . . . 28 . 16 . 29 . 9 . 1 . 95 14 13 . 14 . 3 . 1 14 . . . 2 11 Special 1 | . . . . . . . . . . . . . . . . . . . . . 1 . . . . . . . . . . . . . . . . . Kinetic 2062 | 27 105 53 264 10 2 1 197 150 123 51 . . . 52 . 76 21 235 41 90 . 2 . . 48 83 15 2 . . 7 25 9 2 . 5 115 251 Thermal 142 | . . . . . . . . . . . . . . . . 1 . . 1 36 5 . . . . 5 16 . . 23 22 . 1 3 . . 28 1 Explosive 253 | . . . 2 . . . 2 2 . 3 . . . 28 . 16 . 29 . 9 . 1 . 95 14 13 . 14 . 3 . 1 8 . . . 2 11 Electromagnetic 41 | . . . 7 . . . . . . . . . . . . . . . . . . . . . . . . 1 . . 5 . 18 . 5 . 2 3 Entropic 13 | . . . . . . . . . . . . . . . . . . . . . . . . . . . . . . . 1 2 10 . . . . . Robot Hit Streak 27 | 7 7 6 8 8 . . 26 15 13 10 . . . 6 . 8 5 17 7 9 10 1 . 2 6 14 6 5 . . 5 5 8 2 2 4 27 12 Robot Miss Streak 13 | 4 4 4 6 2 . 1 3 5 4 2 . . . 7 . 13 5 7 2 4 . 1 . . 5 6 2 1 . . 1 4 2 2 5 1 4 7 Penetration Max 2 | . . . . . . . 1 1 . . . . . 1 . . . 1 . 1 . . . . . 2 . . . . . . 1 . . . . . Secondary Targets 35 | . 2 3 4 . . . 3 2 3 2 . . . 1 . 3 . . 6 . . . . . 1 4 1 . . . . . . . . . . . Max Gunslinging Chain 1 | . 1 1 1 . . . 1 1 1 1 . . . 1 . 1 . . 1 . . . . . 1 1 1 . . . . . . . . . . . Shots Hit Robots 1508 | 16 58 30 143 6 1 . 127 80 81 28 9 . . 59 8 51 25 176 36 76 13 3 3 1 26 61 15 10 4 2 18 15 54 4 16 3 87 163 Core Hits 1093 | 6 24 14 72 1 . . 64 46 32 19 3 . . 83 1 71 25 119 20 45 4 3 1 154 31 55 9 14 1 12 9 8 31 4 6 1 52 53 Critical Kills 15 | . . . 1 . . . . 1 1 . . . . . . . . 1 2 4 . . . . 2 . 1 . . . 1 1 . . . . . . Critical Parts Destroyed 23 | . . 1 1 . . . 2 2 1 . . . . . . . . 1 . 9 . . . . . 5 . . . . . . 1 . . . . . Critical Strikes 74 | . . 1 2 . . . 2 3 2 . . . . 3 3 . . 8 2 17 . . . . 2 6 1 1 . . 1 1 4 . 4 1 1 9 Meltdown 1 | . . . . . . . . . . . . . . . . . . . . 1 . . . . . . . . . . . . . . . . . . Destroy 40 | . . 1 2 . . . 2 3 2 . . . . . . . . 2 2 15 . . . . 2 5 1 . . . 1 1 . . . . 1 . Blast 15 | . . . . . . . . . . . . . . . . . . 5 . . . . . . . . . . . . . . . . . 1 . 9 Smash 1 | . . . . . . . . . . . . . . . . . . . . . . . . . . . . . . . . . 1 . . . . . Sever 16 | . . . . . . . . . . . . . . 3 3 . . 1 . 1 . . . . . 1 . 1 . . . . 2 . 4 . . . Impale 1 | . . . . . . . . . . . . . . . . . . . . . . . . . . . . . . . . . 1 . . . . . Melee Attacks 440 | . . . . . 1 . 1 9 4 12 9 1 . 51 10 10 33 38 20 26 8 3 3 2 4 20 17 9 4 4 27 11 63 6 22 7 5 . Thermal 1 | . . . . . . . . . . . . . . . . . . . . 1 . . . . . . . . . . . . . . . . . . Impact 15 | . . . . . . . . . . . . . . . . . . . . . . . . . . . . . . . . . 14 1 . . . . Slashing 412 | . . . . . . . 1 9 4 12 8 1 . 51 10 10 33 38 20 25 8 3 3 2 4 20 17 9 4 4 27 11 39 5 22 7 5 . Piercing 10 | . . . . . . . . . . . . . . . . . . . . . . . . . . . . . . . . . 10 . . . . . Sneak Attacks 55 | . . . . . 1 . . . 1 . 7 . . 1 2 . 6 . 3 1 6 1 3 . . 2 3 3 . . 7 2 3 1 2 . . . Combat Hostiles 4 | . . . . . . . . . . . . . . 1 . . . . . 1 . . . . . . . . . . . . 1 . 1 . . . Follow-up Attacks 11 | . . . . . . . . . . . . . . . . . . . . . . . . . . . . . . . . . 11 . . . . . Damage Inflicted 79813 | 198 914 446 2603 97 . . 2133 1668 1334 708 729 . . 4582 398 2876 1004 9151 903 3340 860 592 343 10936 2758 4134 1023 1637 378 580 1090 668 4615 365 1228 151 5712 9659 Guns 18521 | 198 761 446 2264 97 . . 2003 1389 1255 510 . . . 555 . 953 211 2414 456 535 . . . . 761 1760 314 50 . . 60 356 324 . . . 306 543 Cannons 15787 | . 153 . . . . . . . . . . . . . . . . 2525 . 1109 181 . . . . . . . . . 202 . 263 90 88 151 3957 7068 Explosions 29142 | . . . 339 . . . 130 149 . 198 . . . 1990 . 1923 192 1934 . 1212 . 354 . 10936 1997 1836 . 1027 . 469 . 91 1461 . . . 899 2005 Melee 16320 | . . . . . . . . 130 79 . 729 . . 2037 398 . 601 2278 447 484 679 238 343 . . 538 709 560 378 111 828 221 2567 275 1140 . 550 . Ramming 43 | . . . . . . . . . . . . . . . . . . . . . . . . . . . . . . . . . . . . . . 43 Kinetic 30850 | 198 914 446 2214 97 . . 2003 1389 1255 510 . . . 555 . 953 211 4939 456 535 . . . . 761 1760 314 23 . . 98 311 . 49 . 151 3271 7437 Thermal 2841 | . . . . . . . . . . . . . . . . . 192 . . 649 181 . . . . . . . . . 72 . . 41 . . 1494 212 Explosive 28061 | . . . 339 . . . 130 149 . 198 . . . 1990 . 1923 . 1934 . 1212 . 354 . 10936 1997 1836 . 1027 . 469 . 91 1198 . . . 381 1897 Electromagnetic 869 | . . . 50 . . . . . . . . . . . . . . . . . . . . . . . . 27 . . 92 . 526 . 88 . 16 70 Impact 892 | . . . . . . . . . . . . . . . . . . . . . . . . . . . . . . . . . 892 . . . . . Slashing 15056 | . . . . . . . . 130 79 . 729 . . 2037 398 . 601 2278 447 484 679 238 343 . . 538 709 560 378 111 828 221 1303 275 1140 . 550 . Piercing 372 | . . . . . . . . . . . . . . . . . . . . . . . . . . . . . . . . . 372 . . . . . Entropic 829 | . . . . . . . . . . . . . . . . . . . . 460 . . . . . . . . . . . 45 324 . . . . . Highest Corruption 36 | . . . 28 28 28 28 3 3 5 1 15 13 13 13 . 18 18 14 . . 12 23 . 18 5 3 5 5 . 9 10 21 36 12 13 1 26 13 Average Corruption 10 | . . . 22 28 28 23 3 3 5 1 9 8 13 13 . 11 18 2 . . 12 17 . 14 2 2 4 5 . 9 5 14 18 12 12 1 13 8 Corruption Purged 37 | . . . . . . . . . . . 10 . . . . . . . . . . . . . . . . . . . . . . . . . 23 4 Corruption Blocked . | . . . . . . . . . . . . . . . . . . . . . . . . . . . . . . . . . . . . . . . Effects 330 | . . . 35 11 6 4 4 8 3 6 7 1 3 3 . 7 20 20 . . 8 4 . 32 2 . 9 1 . 1 11 15 24 13 13 . 48 11 Message Errors 77 | . . . 7 3 1 1 1 1 . 2 1 . 3 . . 1 3 3 . . 1 1 . 11 1 . 4 . . 1 3 3 4 4 1 . 13 3 Matter Fused 70 | . . . 6 1 3 1 . 3 1 1 2 . . 2 . 3 6 2 . . 2 . . 3 . . 2 . . . 4 3 10 2 3 . 8 2 Heat Flow Errors 35 | . . . 2 1 1 . 1 2 . 1 2 1 . . . 1 1 3 . . . . . 5 1 . . 1 . . 1 1 3 1 1 . 5 . Energy Discharges 41 | . . . 3 1 . 1 . . . 1 1 . . 1 . 2 2 8 . . 1 . . 7 . . . . . . 1 1 3 3 . . 3 2 Parts Rejected 3 | . . . . . . . . . . . . . . . . . . . . . . . . 1 . . . . . . . . 1 . . . 1 . Parts Fused 4 | . . . . . . . . . 1 . . . . . . . . 1 . . . . . . . . . . . . . . . . 1 . 1 . Data Loss (minor) 30 | . . . 2 1 . . 2 1 1 1 . . . . . . 2 1 . . 1 . . 1 . . 1 . . . 1 3 2 2 1 . 6 1 Data Loss (major) 9 | . . . . 1 1 . . . . . 1 . . . . . . 1 . . . . . 1 . . 1 . . . . 1 . . 1 . . 1 Misfires 11 | . . . 3 2 . 1 . . . . . . . . . . . 1 . . . 1 . . . . . . . . . . 1 . . . 1 1 Alerts 10 | . . . 2 . . . . 1 . . . . . . . . 3 . . . 1 . . 1 . . 1 . . . . . . 1 . . . . Misdirections 20 | . . . 2 . . . . . . . . . . . . . 2 . . . 2 2 . . . . . . . . 1 2 . . 5 . 4 . Weapon Failures 20 | . . . 8 1 . . . . . . . . . . . . 1 . . . . . . 2 . . . . . . . 1 . . . . 6 1 Overload Shots 2 | . . . . . . . . . . . . . . . . . . . . . . . . . . . . . . . . . . . . . 2 . Overflow Damage 4526 | . . . . . . . . 40 19 . 243 . . 38 23 135 78 379 132 191 323 290 97 91 127 170 209 170 251 . 138 45 884 . 136 10 58 249 Projectiles 499 | . . . . . . . . . . . . . . . . . . 255 . 119 13 . . . . . . . . . . . . . . 10 3 99 Explosions 806 | . . . . . . . . . . . . . . 13 . 135 23 13 . 8 . 88 . 91 127 75 . 40 . . . . 43 . . . . 150 Melee 3221 | . . . . . . . . 40 19 . 243 . . 25 23 . 55 111 132 64 310 202 97 . . 95 209 130 251 . 138 45 841 . 136 . 55 . Knockbacks 74 | . 1 . . . . . . . . . . . . . . . . 7 . . . . . . . . . . . . . . 3 . . . 18 45 Impact 5 | . . . . . . . . . . . . . . . . . . . . . . . . . . . . . . . . . 3 . . . . 2 Kinetic 68 | . 1 . . . . . . . . . . . . . . . . 7 . . . . . . . . . . . . . . . . . . 17 43 Secondary 1 | . . . . . . . . . . . . . . . . . . . . . . . . . . . . . . . . . . . . . 1 . Self-Inflicted Damage 489 | . . . . . . . . . . . . . . . . . . . . . . . . . . . . . . . . . 394 . . . 69 26 Shots 11 | . . . . . . . . . . . . . . . . . . . . . . . . . . . . . . . . . 8 . . . 2 1 Rammed 7 | . . . . . . . . . . . . . . . . . . . . . . . . . . . . . . . . . . . . . . 7 Targets Rammed 7 | . . . . . . . . . . . . . . . . . . . . . . . . . . . . . . . . . . . . . . 7 Kicked . | . . . . . . . . . . . . . . . . . . . . . . . . . . . . . . . . . . . . . . . Crushed . | . . . . . . . . . . . . . . . . . . . . . . . . . . . . . . . . . . . . . . . Highest Temperature 402 | . 38 58 303 206 251 12 195 242 5 219 291 306 3 35 . 201 320 323 38 325 64 10 . 241 219 222 128 176 . 160 180 122 158 208 202 305 402 60 Average Temperature 68 | . 13 17 49 82 251 6 35 108 2 62 42 150 2 11 . 70 71 88 7 94 28 5 . 114 71 41 55 40 . 86 65 62 81 58 123 145 74 45 Received Heat Transfer 3042 | . 99 93 321 . . . 198 225 111 52 . . . 216 . 20 6 240 96 445 95 29 . . 85 72 9 . . . 27 30 186 27 36 36 288 . Effects 6 | . . . . . . . . . . . . . . . . . . 3 . 3 . . . . . . . . . . . . . . . . . . Energy Bleed 4 | . . . . . . . . . . . . . . . . . . 2 . 2 . . . . . . . . . . . . . . . . . . Interference 1 | . . . . . . . . . . . . . . . . . . 1 . . . . . . . . . . . . . . . . . . . . Matter Decay 1 | . . . . . . . . . . . . . . . . . . . . 1 . . . . . . . . . . . . . . . . . . Siege Activations 3 | . . . . . . . . . . . . . . . . . . . . . . . . . . . . . . . . . . . . . 1 2 Total Turns 100 | . . . . . . . . . . . . . . . . . . . . . . . . . . . . . . . . . . . . . 66 34 Longest Duration 66 | . . . . . . . . . . . . . . . . . . . . . . . . . . . . . . . . . . . . . 66 29 Martial Activations . | . . . . . . . . . . . . . . . . . . . . . . . . . . . . . . . . . . . . . . . Shielding Activations . | . . . . . . . . . . . . . . . . . . . . . . . . . . . . . . . . . . . . . . . Robots Disrupted . | . . . . . . . . . . . . . . . . . . . . . . . . . . . . . . . . . . . . . . . Combat Hostiles . | . . . . . . . . . . . . . . . . . . . . . . . . . . . . . . . . . . . . . . . Robots Corrupted 9 | . . . . . . . . . . . . . . . . . . . . . . . . . . . . . . . 1 . 7 . . . . 1 Combat Hostiles 9 | . . . . . . . . . . . . . . . . . . . . . . . . . . . . . . . 1 . 7 . . . . 1 Parts Fried 19 | . . . 2 . . . . . . . . . . . . . . . . . . . . . . . . . . . 1 . 15 . . . . 1 Impact Corruptions 11 | . . . . . . . . . . . . . . . . . . . . . . . . . . . . . . . . . 11 . . . . . Robots Melted 1 | . . . . . . . . . . . . . . . . . . . . 1 . . . . . . . . . . . . . . . . . . Combat Hostiles 1 | . . . . . . . . . . . . . . . . . . . . 1 . . . . . . . . . . . . . . . . . . Parts Melted 3 | . . . . . . . 3 . . . . . . . . . . . . . . . . . . . . . . . . . . . . . . . Heat Transferred 1349 | . . . . . . . . . . . . . . . . . 150 . . 666 185 . . . . . . . . . 74 . . 37 . . 205 32 Parts Sabotaged 13 | . . . . . . . . . . . . . . . . . . . 3 10 . . . . . . . . . . . . . . . . . . Parts Stolen 1 | . . . . . . . . . . . . . . . . . . . . 1 . . . . . . . . . . . . . . . . . . Parts Stripped . | . . . . . . . . . . . . . . . . . . . . . . . . . . . . . . . . . . . . . . . Power Chain Reactions 1 | . . . . . . . . . . . . . . . . . . . . . . . . . . . . . . . . . 1 . . . . . Alert | -11 -10 -10 -9 -9 -9 -8 -8 -8 -8 -8 -7 -7 -7 -7 -7 -7 -7 -7 -6 -6 -5 -5 -5 -5 -4 -4 -4 -4 -4 -3 -3 -3 -3 -2 -2 -1 -1 -1 ------- Run | Yrd Mat Min Mat Min Exi Min Mat Gar Mat Gar Fac Was Fac Gar Fac Gar Fac Gar Fac Gar Fac Upp Upp War Pro Fac Upp Upp Zhi Pro Res Qua Frg Res Tes Acc Com Ac0 Maximum Alert Level 5 | . 1 1 5 2 . . 2 4 3 5 4 2 1 4 3 5 4 5 5 5 3 . . . . 3 . . . . 1 2 3 3 3 4 3 . Low Security (%) 10 | 100 69 22 7 . . 100 12 . . . . . . 2 . . . . . . . . . . . 17 . . . . 99 57 . 1 . . . . Level 1 12 | . 30 77 . . . . 31 . . . . 20 100 11 . . . . . . . . . . . 35 . . . . . 30 7 69 . . . . Level 2 13 | . . . 28 100 . . 56 25 19 3 . 80 . 21 . 10 . . . . . . . . . 4 . . . . . 12 28 18 65 20 5 . Level 3 33 | . . . 34 . . . . 42 80 38 . . . 29 100 22 75 6 . . 100 . . . . 41 . . . . . . 64 11 34 73 94 . Level 4 15 | . . . 26 . . . . 32 . 25 100 . . 35 . 42 24 21 83 45 . . . . . . . . . . . . . . . 6 . . Level 5 13 | . . . 3 . . . . . . 32 . . . . . 23 . 71 16 54 . . . . . . . . . . . . . . . . . . High Security . | . . . . . . . . . . . . . . . . . . . . . . . . . . . . . . . . . . . . . . . Max Security . | . . . . . . . . . . . . . . . . . . . . . . . . . . . . . . . . . . . . . . . Peak Influence 2741 | 10 308 313 1626 635 . . 687 1357 922 2132 1192 407 277 1589 844 1828 1213 2741 1680 1857 1068 . . . . 888 . . . . 200 565 892 872 942 1213 960 . Initial 1438 | . . 71 96 630 . . . 441 661 589 1119 406 277 182 823 560 959 852 1438 1141 963 . . . . 160 . . . . 163 . 317 467 477 564 785 . Average 894 | 1 145 237 833 582 . . 422 956 788 1372 1131 404 270 902 822 1299 1050 1818 1525 1576 952 . . . . 489 . . . . 62 226 677 383 649 827 781 . Influence Increases 24256 | 30 665 327 1914 5 . . 1213 956 906 1613 201 1 4 1587 38 1408 617 2189 442 766 245 190 . 984 435 1027 105 180 10 120 350 695 1094 911 725 864 875 564 Destroy 0b10 Robot/C 10320 | . 340 200 760 . . . 560 480 520 820 100 . . 800 . 720 160 1160 240 440 . 100 . 880 380 520 60 100 . 100 60 80 480 . 80 20 160 . Destroy 0b10 Robot/NC 645 | 30 15 5 60 5 . . 60 5 55 . 35 . . 45 10 . 35 60 15 5 40 5 . 15 5 25 10 5 10 10 30 5 10 15 . . 20 . Destroy Leader 1204 | . 74 40 130 . . . 140 40 130 30 14 . . 50 4 60 66 60 32 40 . 10 . . 50 72 20 . . 10 34 10 60 6 . 10 12 . Allied During Kill 524 | . . . . . . . . 2 78 153 41 . . 43 . 104 43 28 1 2 . . . 14 . . . . . . . . 5 . . . 10 . Trap Triggered on 0b10 20 | . . . 20 . . . . . . . . . . . . . . . . . . . . . . . . . . . . . . . . . . . Successful Hack 551 | . 39 7 23 . . . 32 21 16 35 2 . 4 28 24 . 62 14 38 . 8 . . . . 58 . . . . 19 8 38 14 41 16 4 . Select Force Hacks 140 | . 60 . 80 . . . . . . . . . . . . . . . . . . . . . . . . . . . . . . . . . . . Disable Machine 915 | . 45 15 45 . . . 15 30 15 30 . . . 45 . 45 165 75 30 30 . . . . . 30 . . . . . 60 75 . 60 . 90 15 Anti-Garrison Action 2550 | . . . . . . . . 350 . 450 . . . 300 . 300 . 600 . 100 . . . . . 150 . . . . . . 150 150 . . . . Destroy Structure 1767 | . 2 . 21 . . . 25 13 2 80 9 1 . 231 . 149 26 102 11 44 2 . . . . 172 . . . . 42 22 66 9 6 24 159 549 Advance Influence 150 | . . . . . . . . . . . . . . . . . . . . . . . . . . . . . . . 150 . . . . . . . Partial Spotted 495 | . . . 30 . . . 15 . 60 . . . . . . . 45 15 30 . 45 . . . . . . . . . 15 60 15 45 30 45 45 . Lose Combat Pursuer 2775 | . 90 60 315 . . . 120 15 30 15 . . . 45 . 30 15 75 45 105 150 75 . 75 . . 15 75 . . . 60 195 30 180 585 375 . Miscellaneous 2200 | . . . 430 . . . 246 . . . . . . . . . . . . . . . . . . . . . . . . 390 . 642 328 164 . . Influence Decreases 23845 | 30 481 263 544 1098 525 . 534 278 1356 388 1173 764 140 279 806 381 1227 666 1553 559 1024 492 234 888 798 417 471 215 474 100 370 130 828 894 631 578 1135 1121 Entered New Map 15314 | . . 113 152 988 525 . . 238 696 318 1013 754 120 79 746 241 869 366 1303 489 874 392 144 522 618 95 321 95 464 . 7 . 248 364 371 378 443 968 Time Decay 5548 | 30 471 140 342 110 . . 334 . 310 . 160 10 20 . 60 . 238 . 180 . 150 90 90 306 150 262 150 110 10 100 213 130 380 530 140 110 222 . Search Patrol Dispatched 100 | . . . . . . . . . . . . . . . . . . . . . . . . . . . . . . . . . . . 100 . . . Lost Part 1413 | . 10 10 50 . . . 50 20 10 30 . . . 100 . 40 . 160 50 50 . 10 . . 30 60 . 10 . . . . 200 . 20 40 350 113 Lost Ally 870 | . . . . . . . . 20 40 40 . . . 100 . 100 120 140 20 20 . . . 60 . . . . . . . . . . . 50 120 40 Purge Threat 600 | . . . . . . . 150 . 300 . . . . . . . . . . . . . . . . . . . . . 150 . . . . . . . Squads Dispatched 85 | . 4 1 5 . . . 4 . 3 . 2 . . . 1 . 5 . 3 . 6 . . . . 10 . . . . 1 7 8 1 10 9 5 . Investigation 27 | . 3 1 4 . . . . . . . 2 . . . 1 . 2 . . . 2 . . . . 4 . . . . . 1 . 1 1 4 1 . Extermination 14 | . . . . . . . . . . . . . . . . . 2 . . . . . . . . 1 . . . . 1 2 3 . 1 2 2 . Reinforcement 28 | . 1 . . . . . 3 . 2 . . . . . . . 1 . . . 2 . . . . 1 . . . . . 4 2 . 8 2 2 . Assault 12 | . . . 1 . . . . . 1 . . . . . . . . . 3 . 2 . . . . 3 . . . . . . 2 . . . . . Garrison 4 | . . . . . . . 1 . . . . . . . . . . . . . . . . . . 1 . . . . . . 1 . . 1 . . Intercept . | . . . . . . . . . . . . . . . . . . . . . . . . . . . . . . . . . . . . . . . Searches Triggered 1 | . . . . . . . . . . . . . . . . . . . . . . . . . . . . . . . . . . . 1 . . . Construction Impeded 3 | . . . . . . . 1 . 1 . . . . . . . . . . . . . . . . . . . . . . . 1 . . . . . Haulers Reinforced . | . . . . . . . . . . . . . . . . . . . . . . . . . . . . . . . . . . . . . . . Active Scanning Responses . | . . . . . . . . . . . . . . . . . . . . . . . . . . . . . . . . . . . . . . . Cargo Convoy Interrupts . | . . . . . . . . . . . . . . . . . . . . . . . . . . . . . . . . . . . . . . . Stealth | -11 -10 -10 -9 -9 -9 -8 -8 -8 -8 -8 -7 -7 -7 -7 -7 -7 -7 -7 -6 -6 -5 -5 -5 -5 -4 -4 -4 -4 -4 -3 -3 -3 -3 -2 -2 -1 -1 -1 --------- Run | Yrd Mat Min Mat Min Exi Min Mat Gar Mat Gar Fac Was Fac Gar Fac Gar Fac Gar Fac Gar Fac Upp Upp War Pro Fac Upp Upp Zhi Pro Res Qua Frg Res Tes Acc Com Ac0 Distress Signals 61 | . 2 1 5 . . . 1 . . . . . . 1 . . 4 . . . 1 . . . . 2 . . . . . . 1 14 . . 29 . Communications Jammed 12 | . . . . . . . . . . . . . . . . . . . . . . . . . . . . . . . 1 8 2 . 1 . . . Distress Signals 12 | . . . . . . . . . . . . . . . . . . . . . . . . . . . . . . . 1 8 2 . 1 . . . Times Spotted 1005 | . 33 14 66 . . 1 37 25 36 24 2 6 . 43 3 33 12 51 31 33 20 10 . 101 11 42 8 6 . 2 10 29 58 28 25 63 114 28 Peak Tracking Total 29 | . 6 5 16 . 9 1 8 6 5 5 1 6 . 11 3 6 4 7 11 7 18 6 . 13 4 6 8 5 . 4 7 9 9 6 11 27 29 6 Tactical Retreats 83 | . 3 2 8 . . . 2 1 2 1 . . . 2 . 1 1 4 3 6 2 2 . 2 . . 1 3 . . . 2 7 2 5 8 13 . Traps | -11 -10 -10 -9 -9 -9 -8 -8 -8 -8 -8 -7 -7 -7 -7 -7 -7 -7 -7 -6 -6 -5 -5 -5 -5 -4 -4 -4 -4 -4 -3 -3 -3 -3 -2 -2 -1 -1 -1 ------- Run | Yrd Mat Min Mat Min Exi Min Mat Gar Mat Gar Fac Was Fac Gar Fac Gar Fac Gar Fac Gar Fac Upp Upp War Pro Fac Upp Upp Zhi Pro Res Qua Frg Res Tes Acc Com Ac0 Traps Triggered 57 | . 1 . . . . . 1 6 . 8 1 . . 8 . 5 1 6 2 6 . . . . . 1 . . . . 1 . 6 . . 1 3 . Indirectly . | . . . . . . . . . . . . . . . . . . . . . . . . . . . . . . . . . . . . . . . Trap Hack Attempts 49 | . . . 49 . . . . . . . . . . . . . . . . . . . . . . . . . . . . . . . . . . . Triggered . | . . . . . . . . . . . . . . . . . . . . . . . . . . . . . . . . . . . . . . . Disarmed . | . . . . . . . . . . . . . . . . . . . . . . . . . . . . . . . . . . . . . . . Reprogrammed 3 | . . . 3 . . . . . . . . . . . . . . . . . . . . . . . . . . . . . . . . . . . Reused 2 | . . . 2 . . . . . . . . . . . . . . . . . . . . . . . . . . . . . . . . . . . Traps Extracted . | . . . . . . . . . . . . . . . . . . . . . . . . . . . . . . . . . . . . . . . Installed . | . . . . . . . . . . . . . . . . . . . . . . . . . . . . . . . . . . . . . . . Triggered 2 | . . . 2 . . . . . . . . . . . . . . . . . . . . . . . . . . . . . . . . . . . Machines | -11 -10 -10 -9 -9 -9 -8 -8 -8 -8 -8 -7 -7 -7 -7 -7 -7 -7 -7 -6 -6 -5 -5 -5 -5 -4 -4 -4 -4 -4 -3 -3 -3 -3 -2 -2 -1 -1 -1 ---------- Run | Yrd Mat Min Mat Min Exi Min Mat Gar Mat Gar Fac Was Fac Gar Fac Gar Fac Gar Fac Gar Fac Upp Upp War Pro Fac Upp Upp Zhi Pro Res Qua Frg Res Tes Acc Com Ac0 Machines Disabled 102 | . 4 1 3 . 2 . 1 7 1 9 . . . 7 . 8 11 10 2 4 . 1 . 3 1 3 . . . . . 4 8 1 4 . 6 1 Max in Single Turn 7 | . 1 1 1 . 1 . 1 1 1 1 . . . 1 . 1 7 1 1 1 . 1 . 2 1 1 . . . . . 1 2 1 1 . 1 1 Garrison Access 5 | . . . . . . . . . . . . . . . . . . . . . . . . . . 1 . . . . . . 1 3 . . . . Garrison Relay 25 | . . . . . . . . 4 . 6 . . . 4 . 4 . 5 . 2 . . . . . . . . . . . . . . . . . . Phase Generator 4 | . . . . . . . . . . 1 . . . . . 1 . 1 . 1 . . . . . . . . . . . . . . . . . . Energy Cycler 1 | . . . . . . . . . . . . . . . . . . . . . . . . . . . . . . . . . . . . 1 . . Machines Repaired . | . . . . . . . . . . . . . . . . . . . . . . . . . . . . . . . . . . . . . . . Machines Dismantled 5 | . . . . . . . . . . 1 . . . . . 2 . 1 . . . . . 1 . . . . . . . . . . . . . . Machines Sabotaged 1 | . . . 1 . . . . . . . . . . . . . . . . . . . . . . . . . . . . . . . . . . . Overloaded Fab Kills . | . . . . . . . . . . . . . . . . . . . . . . . . . . . . . . . . . . . . . . . Hacking | -11 -10 -10 -9 -9 -9 -8 -8 -8 -8 -8 -7 -7 -7 -7 -7 -7 -7 -7 -6 -6 -5 -5 -5 -5 -4 -4 -4 -4 -4 -3 -3 -3 -3 -2 -2 -1 -1 -1 --------- Run | Yrd Mat Min Mat Min Exi Min Mat Gar Mat Gar Fac Was Fac Gar Fac Gar Fac Gar Fac Gar Fac Upp Upp War Pro Fac Upp Upp Zhi Pro Res Qua Frg Res Tes Acc Com Ac0 Machines Accessed 149 | . 8 1 9 . 1 . 11 4 9 3 2 . 1 3 6 3 10 1 11 . 6 . . 3 1 9 1 2 4 . 9 3 8 1 5 7 7 . Terminals 86 | . 6 1 6 . . . 6 4 6 3 1 . . 3 2 3 6 1 6 . 3 . . . . 3 . 1 . . 3 2 6 1 2 5 6 . Fabricators 5 | . . . . . . . . . . . . . . . . . 1 . 1 . 1 . . . . . . . . . 2 . . . . . . . Repair Stations 13 | . . . 1 . . . 2 . 1 . . . . . 1 . 1 . . . 1 . . . . 2 . . . . 1 . . . . 2 1 . Recycling Units 7 | . 2 . 1 . . . . . . . . . . . . . . . 2 . 1 . . . . 1 . . . . . . . . . . . . Scanalyzers 16 | . . . 1 . . . 2 . 1 . 1 . . . 2 . 1 . 1 . . . . . . 1 . . . . 2 1 1 . 2 . . . Garrison Access 11 | . . . . . . . 1 . 1 . . . 1 . 1 . 1 . 1 . . . . . . 2 . . . . 1 . 1 . 1 . . . Total Hacks 352 | . 25 2 21 . 1 . 42 8 22 6 4 . 3 7 12 6 26 4 27 . 11 . . 3 1 24 1 2 17 . 20 9 12 2 11 11 12 . Successful 166 | . 16 2 10 . 1 . 27 3 12 4 1 . 1 3 6 3 10 2 7 . 2 . . 3 1 9 1 2 17 . 8 3 3 1 4 2 2 . Failed 181 | . 8 . 10 . . . 15 5 10 2 2 . 2 4 6 3 16 2 20 . 9 . . . . 15 . . . . 11 6 9 1 6 9 10 . Catastrophic 51 | . 4 . 3 . . . 3 2 . . 1 . . 1 . 2 5 . 1 . 3 . . . . 4 . . . . 3 3 4 . 2 5 5 . Database Lockouts 5 | . 1 . 1 . . . . . . . 1 . . . . . . . . . . . . . . . . . . . 1 . . . 1 . . . Manual 127 | . 23 3 7 . . . 18 1 13 1 . . 1 1 5 2 9 1 15 . 4 . . . . 8 . . . . 2 5 1 1 . 4 2 . Terminals 204 | . 22 2 16 . . . 22 8 15 6 1 . . 7 6 6 13 4 12 . 6 . . . . 8 . 1 . . 6 8 9 2 5 8 11 . Fabricators 13 | . . . . . . . . . . . . . . . . . 3 . 4 . 2 . . . . . . . . . 4 . . . . . . . Repair Stations 28 | . . . 1 . . . 3 . 2 . . . . . 1 . 5 . . . 1 . . . . 6 . . . . 5 . . . . 3 1 . Recycling Units 15 | . 3 . 1 . . . . . . . . . . . . . . . 7 . 2 . . . . 2 . . . . . . . . . . . . Scanalyzers 45 | . . . 3 . . . 13 . 2 . 3 . . . 4 . 4 . 3 . . . . . . 3 . . . . 3 1 1 . 5 . . . Garrison Access 23 | . . . . . . . 4 . 3 . . . 3 . 1 . 1 . 1 . . . . . . 5 . . . . 2 . 2 . 1 . . . Terminal Hacks 75 | . 5 1 5 . 1 . 3 2 5 3 . . . 3 2 2 4 1 1 . 1 . . 3 1 . 1 2 17 . 3 2 3 1 1 . 2 . Record 11 | . . . . . 1 . . . 1 . . . . . . . . . . . . . . 2 1 . . 1 5 . . . . . . . . . Part Schematic 8 | . 2 1 . . . . . . . . . . . . 1 . . . . . . . . . . . . . 4 . . . . . . . . . Robot Analysis 8 | . 2 . . . . . 2 . . . . . . . . . . . . . . . . . . . . . 4 . . . . . . . . . Prototype ID Bank 8 | . . . 1 . . . . . . . . . . . . . 1 . . . . . . . . . . . 4 . . . . 1 1 . . . Open Door 8 | . . . . . . . . 1 . 1 . . . 1 . . . . . . . . . 1 . . 1 1 . . 1 . . . . . 1 . Branch Access Points 3 | . . . 1 . . . . . . . . . . . . . . . . . 1 . . . . . . . . . 1 . . . . . . . Emergency Access Points 4 | . . . . . . . . 1 . 1 . . . 1 . 1 . . . . . . . . . . . . . . . . . . . . . . Unreport Threat 4 | . . . . . . . 1 . 2 . . . . . . . . . . . . . . . . . . . . . 1 . . . . . . . Locate Traps 10 | . 1 . 1 . . . . . 1 . . . . . 1 . 2 . 1 . . . . . . . . . . . . 1 2 . . . . . Maintenance Status 1 | . . . . . . . . . . . . . . . . . . . . . . . . . . . . . . . . 1 . . . . . . Hauler Manifests 1 | . . . 1 . . . . . . . . . . . . . . . . . . . . . . . . . . . . . . . . . . . Registered Components 2 | . . . 1 . . . . . . . . . . . . . 1 . . . . . . . . . . . . . . . . . . . . . Zone Layout 1 | . . . . . . . . . 1 . . . . . . . . . . . . . . . . . . . . . . . . . . . . . Garrison Registry 2 | . . . . . . . . . . . . . . . . 1 . 1 . . . . . . . . . . . . . . . . . . . . Patrol Navigation 2 | . . . . . . . . . . 1 . . . 1 . . . . . . . . . . . . . . . . . . . . . . . . Proto ID Catalog 1 | . . . . . . . . . . . . . . . . . . . . . . . . . . . . . . . . . 1 . . . . . Disengage Seal 1 | . . . . . . . . . . . . . . . . . . . . . . . . . . . . . . . . . . . . . 1 . Fabricator Hacks 2 | . . . . . . . . . . . . . . . . . . . 1 . . . . . . . . . . . 1 . . . . . . . Network Status 2 | . . . . . . . . . . . . . . . . . . . 1 . . . . . . . . . . . 1 . . . . . . . Repair Station Hacks 12 | . . . . . . . 3 . 1 . . . . . . . 1 . . . . . . . . 4 . . . . 3 . . . . . . . Scan Component 6 | . . . . . . . 1 . . . . . . . . . 1 . . . . . . . . 2 . . . . 2 . . . . . . . Repair 4 | . . . . . . . 1 . . . . . . . . . . . . . . . . . . 2 . . . . 1 . . . . . . . Refit 2 | . . . . . . . 1 . 1 . . . . . . . . . . . . . . . . . . . . . . . . . . . . . Recycling Unit Hacks 2 | . . . . . . . . . . . . . . . . . . . . . . . . . . 2 . . . . . . . . . . . . Process 1 | . . . . . . . . . . . . . . . . . . . . . . . . . . 1 . . . . . . . . . . . . Retrieve Matter 1 | . . . . . . . . . . . . . . . . . . . . . . . . . . 1 . . . . . . . . . . . . Scanalyzer 22 | . . . 2 . . . 11 . 2 . 1 . . . 1 . . . 1 . . . . . . 1 . . . . 1 . . . 2 . . . Insert Component 6 | . . . 1 . . . 3 . 1 . . . . . 1 . . . . . . . . . . . . . . . . . . . . . . . Analyze 4 | . . . . . . . 3 . 1 . . . . . . . . . . . . . . . . . . . . . . . . . . . . . Retrieve Study 12 | . . . 1 . . . 5 . . . 1 . . . . . . . 1 . . . . . . 1 . . . . 1 . . . 2 . . . Garrison Access Hacks 7 | . . . . . . . 1 . 1 . . . 1 . 1 . 1 . 1 . . . . . . . . . . . . . . . 1 . . . Unlock Access 7 | . . . . . . . 1 . 1 . . . 1 . 1 . 1 . 1 . . . . . . . . . . . . . . . 1 . . . Unauthorized Hacks 46 | . 11 1 3 . . . 9 1 3 1 . . . . 2 1 4 1 3 . 1 . . . . 2 . . . . . 1 . . . 2 . . Terminals 33 | . 8 1 1 . . . 9 1 3 1 . . . . 1 1 2 1 1 . . . . . . 1 . . . . . 1 . . . 1 . . Track 1 | . 1 . . . . . . . . . . . . . . . . . . . . . . . . . . . . . . . . . . . . . Assimilate 1 | . . . . . . . . . . . . . . . . . . . . . . . . . . . . . . . . . . . . 1 . . Botnet 11 | . . . . . . . 3 . 3 . . . . . 1 . 2 . 1 . . . . . . 1 . . . . . . . . . . . . Operators 2 | . 1 . . . . . 1 . . . . . . . . . . . . . . . . . . . . . . . . . . . . . . . Skim 12 | . 6 . . . . . 5 . . . . . . . . . . . . . . . . . . . . . . . . 1 . . . . . . Sabotage 2 | . . 1 1 . . . . . . . . . . . . . . . . . . . . . . . . . . . . . . . . . . . Override 4 | . . . . . . . . 1 . 1 . . . . . 1 . 1 . . . . . . . . . . . . . . . . . . . . Fabricators 2 | . . . . . . . . . . . . . . . . . 2 . . . . . . . . . . . . . . . . . . . . . Fabnet 1 | . . . . . . . . . . . . . . . . . 1 . . . . . . . . . . . . . . . . . . . . . Haulers 1 | . . . . . . . . . . . . . . . . . 1 . . . . . . . . . . . . . . . . . . . . . Repair Stations 5 | . . . 1 . . . . . . . . . . . 1 . . . . . 1 . . . . 1 . . . . . . . . . 1 . . Patch 5 | . . . 1 . . . . . . . . . . . 1 . . . . . 1 . . . . 1 . . . . . . . . . 1 . . Recycling Units 6 | . 3 . 1 . . . . . . . . . . . . . . . 2 . . . . . . . . . . . . . . . . . . . Reject 3 | . 1 . . . . . . . . . . . . . . . . . 2 . . . . . . . . . . . . . . . . . . . Tunnel 3 | . 2 . 1 . . . . . . . . . . . . . . . . . . . . . . . . . . . . . . . . . . . Scanalyzers . | . . . . . . . . . . . . . . . . . . . . . . . . . . . . . . . . . . . . . . . Garrison Access . | . . . . . . . . . . . . . . . . . . . . . . . . . . . . . . . . . . . . . . . Data Cores Recovered 3 | . . . . . . . 1 . 1 . . . . . . . . . . . . . . . . . . . . . . . . . . . 1 . Used . | . . . . . . . . . . . . . . . . . . . . . . . . . . . . . . . . . . . . . . . Hacking Detections 118 | . 6 1 6 . . . 10 3 9 1 2 . 1 2 5 3 8 1 10 . 5 . . . . 7 . . . . 9 3 8 1 4 6 7 . Full Trace Events 16 | . . . 1 . . . . 2 . 1 . . . 2 . . 2 . . . 1 . . . . 3 . . . . . 1 . . 1 2 . . Feedback Events . | . . . . . . . . . . . . . . . . . . . . . . . . . . . . . . . . . . . . . . . Feedback Blocked . | . . . . . . . . . . . . . . . . . . . . . . . . . . . . . . . . . . . . . . . Robot Schematics Acquired . | . . . . . . . . . . . . . . . . . . . . . . . . . . . . . . . . . . . . . . . Robots Built . | . . . . . . . . . . . . . . . . . . . . . . . . . . . . . . . . . . . . . . . Authchips . | . . . . . . . . . . . . . . . . . . . . . . . . . . . . . . . . . . . . . . . Time . | . . . . . . . . . . . . . . . . . . . . . . . . . . . . . . . . . . . . . . . Total Robot Build Rating . | . . . . . . . . . . . . . . . . . . . . . . . . . . . . . . . . . . . . . . . Part Schematics Acquired 19 | . 2 1 . . . . 3 . 1 . . . . . 1 . . . . . . . . . . . . . 4 . . . 1 . 6 . . . Parts Built . | . . . . . . . . . . . . . . . . . . . . . . . . . . . . . . . . . . . . . . . Authchips . | . . . . . . . . . . . . . . . . . . . . . . . . . . . . . . . . . . . . . . . Time . | . . . . . . . . . . . . . . . . . . . . . . . . . . . . . . . . . . . . . . . Total Part Build Rating . | . . . . . . . . . . . . . . . . . . . . . . . . . . . . . . . . . . . . . . . Part Studies Acquired 12 | . . . 1 . . . 5 . . . 1 . . . . . . . 1 . . . . . . 1 . . . . 1 . . . 2 . . . Parts Repaired 4 | . . . . . . . 1 . . . . . . . . . . . . . . . . . . 2 . . . . 1 . . . . . . . Time 200 | . . . . . . . 44 . . . . . . . . . . . . . . . . . . 78 . . . . 78 . . . . . . . Parts Recycled . | . . . . . . . . . . . . . . . . . . . . . . . . . . . . . . . . . . . . . . . Recycled Matter 74 | . . . . . . . . . . . . . . . . . . . . . . . . . . 74 . . . . . . . . . . . . Retrieved Matter 74 | . . . . . . . . . . . . . . . . . . . . . . . . . . 74 . . . . . . . . . . . . Retrieved Components . | . . . . . . . . . . . . . . . . . . . . . . . . . . . . . . . . . . . . . . . Parts Scanalyzed 5 | . . . . . . . 3 . 1 . . . . . 1 . . . . . . . . . . . . . . . . . . . . . . . Part Schematics Acquired 4 | . . . . . . . 3 . 1 . . . . . . . . . . . . . . . . . . . . . . . . . . . . . Parts Damaged 2 | . . . . . . . 1 . . . . . . . 1 . . . . . . . . . . . . . . . . . . . . . . . Bothacking | -11 -10 -10 -9 -9 -9 -8 -8 -8 -8 -8 -7 -7 -7 -7 -7 -7 -7 -7 -6 -6 -5 -5 -5 -5 -4 -4 -4 -4 -4 -3 -3 -3 -3 -2 -2 -1 -1 -1 ------------ Run | Yrd Mat Min Mat Min Exi Min Mat Gar Mat Gar Fac Was Fac Gar Fac Gar Fac Gar Fac Gar Fac Upp Upp War Pro Fac Upp Upp Zhi Pro Res Qua Frg Res Tes Acc Com Ac0 Used RIF Installer . | . . . . . . . . . . . . . . . . . . . . . . . . . . . . . . . . . . . . . . . Robots Hacked 8 | . . . . . 1 . . . . . 1 . . . . . . . 1 3 1 . . 1 . . . . . . . . . . . . . . Non-combat 2 | . . . . . . . . . . . 1 . . . . . . . . . 1 . . . . . . . . . . . . . . . . . Combat 6 | . . . . . 1 . . . . . . . . . . . . . 1 3 . . . 1 . . . . . . . . . . . . . . Robot Hacks Applied 3 | . . . . . 1 . . . . . 1 . . . . . . . . . 1 . . . . . . . . . . . . . . . . . parse_system 1 | . . . . . 1 . . . . . . . . . . . . . . . . . . . . . . . . . . . . . . . . . find_chute 2 | . . . . . . . . . . . 1 . . . . . . . . . 1 . . . . . . . . . . . . . . . . . Relay Couplers Released 101 | . . . . . . . . 14 . 24 . . . 15 . 14 . 21 . 7 . . . . . 1 . . . . . . 2 3 . . . . Machine Destruction 101 | . . . . . . . . 14 . 24 . . . 15 . 14 . 21 . 7 . . . . . 1 . . . . . . 2 3 . . . . Fabnet Peak Effective % 3 | . . . . . . . . . . . . . . . . . . . 3 3 1 1 1 1 . . . . . . . . . . . . . . Autooverrided 5 | . . . . . . . . . . . . . . . . . . . 1 3 . . . 1 . . . . . . . . . . . . . . Robots Rewired 26 | . . . . . . . . 3 . 9 . . . . . 4 . 10 . . . . . . . . . . . . . . . . . . . . Allies Hacked 5 | . . . . . . . . . . 1 . . . . . . 2 . . . . . . . . . . . . . . . . . . . 2 . Hacks Repelled . | . . . . . . . . . . . . . . . . . . . . . . . . . . . . . . . . . . . . . . . Allies | -11 -10 -10 -9 -9 -9 -8 -8 -8 -8 -8 -7 -7 -7 -7 -7 -7 -7 -7 -6 -6 -5 -5 -5 -5 -4 -4 -4 -4 -4 -3 -3 -3 -3 -2 -2 -1 -1 -1 -------- Run | Yrd Mat Min Mat Min Exi Min Mat Gar Mat Gar Fac Was Fac Gar Fac Gar Fac Gar Fac Gar Fac Upp Upp War Pro Fac Upp Upp Zhi Pro Res Qua Frg Res Tes Acc Com Ac0 Total Allies 71 | . . . . 5 . . . 4 . 10 . . . 6 . 11 4 10 1 3 . . . 4 . . . . . . . . 1 . . 3 7 2 Largest Group 8 | . . . . 5 . . . 3 3 6 6 3 . 2 . 8 6 4 1 1 . . . 2 . . . . . . . . 1 . . 2 4 2 Highest-Rated Group 292 | . . . . 83 . . . 72 72 204 204 77 . 142 . 204 204 122 12 37 . . . 148 . . . . . . . . 120 . . 178 292 198 Highest-Rated Ally 148 | . . . . 31 . . . 25 24 85 81 31 . 95 . 79 62 32 12 37 . . . 148 . . . . . . . . 120 . . 89 82 99 Initial Warlord ECA Mod 43 | . . . . . . . . . 6 6 14 14 14 14 20 20 29 29 39 39 43 43 43 43 42 42 42 42 42 41 41 41 41 40 40 39 39 39 Total Orders 3 | . . . . . . . . . . 3 . . . . . . . . . . . . . . . . . . . . . . . . . . . . STAY 2 | . . . . . . . . . . 2 . . . . . . . . . . . . . . . . . . . . . . . . . . . . FOLLOW 1 | . . . . . . . . . . 1 . . . . . . . . . . . . . . . . . . . . . . . . . . . . Ally Attacks 403 | . . . . . . . . . 53 64 15 . . 40 . 18 25 55 5 7 . . . 23 . . . . . . . . 5 . . 14 56 23 Total Damage 9552 | . . . . . . . . . 1283 1932 322 . . 1339 . 793 737 1003 41 110 . . . 614 . . . . . . . . 181 . . 105 571 521 Kills 95 | . . . . . . . . . 18 30 5 . . 13 . 9 5 7 1 . . . . 3 . . . . . . . . 1 . . . 3 . Allies Corrupted 2 | . . . . . . . . . . . . . . . . . 2 . . . . . . . . . . . . . . . . . . . . . Allies Melted 5 | . . . . . . . . . . . . . . . . 1 . . . . . . . . . . . . . . . . . 3 . 1 . . X0-1V1 Amusement Gains 728 | . 22 . 40 20 60 . . . . 62 . . . . . 10 . 28 16 . . . . 88 10 20 20 10 . . 40 10 55 . 73 . 84 60 Good Acts 317 | . 2 4 5 1 . 1 4 8 8 15 3 1 2 16 1 16 12 23 1 23 1 3 4 17 7 4 2 7 . 7 6 8 22 14 6 13 44 6 Bad Acts 214 | . . 4 13 2 . 2 16 5 5 6 4 . . 7 . 7 2 21 6 8 4 3 . 1 2 6 . . . 1 5 9 5 25 4 9 27 5 Intel | -11 -10 -10 -9 -9 -9 -8 -8 -8 -8 -8 -7 -7 -7 -7 -7 -7 -7 -7 -6 -6 -5 -5 -5 -5 -4 -4 -4 -4 -4 -3 -3 -3 -3 -2 -2 -1 -1 -1 ------- Run | Yrd Mat Min Mat Min Exi Min Mat Gar Mat Gar Fac Was Fac Gar Fac Gar Fac Gar Fac Gar Fac Upp Upp War Pro Fac Upp Upp Zhi Pro Res Qua Frg Res Tes Acc Com Ac0 Active Infowar (turns) 8019 | 106 188 . . . . . . 346 88 . . . . . . . . . 232 367 19 . . 961 332 570 318 236 73 291 482 276 899 1489 297 236 213 . Optics 7035 | . . . . . . . . 346 88 . . . . . . . . . . . 19 . . 960 332 570 318 236 73 291 482 276 899 1489 297 236 123 . Sensors 2 | . . . . . . . . . . . . . . . . . . . 2 . . . . . . . . . . . . . . . . . . . Terrain 234 | . . . . . . . . . . . . . . . . . . . . . . . . . . . . . . . 138 . 96 . . . . . Traps 2 | . . . . . . . . . . . . . . . . . . . . . . . . . . 2 . . . . . . . . . . . . Seismic 294 | 106 188 . . . . . . . . . . . . . . . . . . . . . . . . . . . . . . . . . . . . . Machine Analysis 597 | . . . . . . . . . . . . . . . . . . . 230 367 . . . . . . . . . . . . . . . . . . Cloaking 1 | . . . . . . . . . . . . . . . . . . . . . . . . 1 . . . . . . . . . . . . . . Jamming 2933 | . . . . . . . . . . . . . . . . . . . . . . . . . . . . . . . 464 276 372 1489 242 . 90 . Robot Analysis Total 8 | . 2 . . . . . 2 . . . . . . . . . . . . . . . . . . . . . 4 . . . . . . . . . Derelict Logs Recovered 6 | . . 2 . 1 . . . . . . . . . . . . . . . . . 1 . . . . 1 1 . . . . . . . . . . Drone Launches . | . . . . . . . . . . . . . . . . . . . . . . . . . . . . . . . . . . . . . . . Drone Recoveries . | . . . . . . . . . . . . . . . . . . . . . . . . . . . . . . . . . . . . . . . Exploration | -11 -10 -10 -9 -9 -9 -8 -8 -8 -8 -8 -7 -7 -7 -7 -7 -7 -7 -7 -6 -6 -5 -5 -5 -5 -4 -4 -4 -4 -4 -3 -3 -3 -3 -2 -2 -1 -1 -1 ------------- Run | Yrd Mat Min Mat Min Exi Min Mat Gar Mat Gar Fac Was Fac Gar Fac Gar Fac Gar Fac Gar Fac Upp Upp War Pro Fac Upp Upp Zhi Pro Res Qua Frg Res Tes Acc Com Ac0 Turns Passed 22665 | 167 1216 296 764 229 105 99 757 831 680 1134 333 25 53 943 120 902 518 2153 365 732 307 194 187 1113 332 570 318 236 73 291 482 276 899 1489 297 236 2272 671 Spaces Moved 34745 | 156 1135 575 930 513 281 234 1027 1118 1127 1420 526 93 18 1563 237 1144 1063 2645 807 1130 698 487 509 1106 513 677 712 646 192 572 768 581 1199 2918 724 907 3486 308 Core 343 | 154 75 . . . . . . . . . . . . . . . . 1 . . . . . . . . . . . . . . . . . . 2 111 Treads 1326 | 2 . . . . . . . . . . . . . . . . . . . . . . . . . . . . . . . . 50 469 . . 608 197 Legs . | . . . . . . . . . . . . . . . . . . . . . . . . . . . . . . . . . . . . . . . Wheels . | . . . . . . . . . . . . . . . . . . . . . . . . . . . . . . . . . . . . . . . Hover 5261 | . . . . . . . . . . . . . . . . . . 840 . 482 698 487 509 1106 513 390 . . . . . . . . . . 236 . Flight 27815 | . 1060 575 930 513 281 234 1027 1118 1127 1420 526 93 18 1563 237 1144 1063 1804 807 648 . . . . . 287 712 646 192 572 768 581 1149 2449 724 907 2640 . Fastest Speed 6 | 50 37 37 32 34 34 34 31 34 29 29 23 23 23 22 23 20 20 17 19 16 31 31 35 27 27 24 24 24 22 22 19 19 6 18 24 8 8 50 Average Speed 32 | 51 39 37 34 34 34 34 33 34 29 30 23 23 23 22 23 26 20 30 19 25 31 33 35 28 39 28 27 24 23 34 19 20 27 43 24 19 43 117 Slowest Speed 600 | 160 120 37 117 34 34 34 34 34 34 99 23 23 23 23 23 102 20 200 103 150 33 35 35 35 82 103 100 24 24 95 19 23 160 595 24 22 600 161 Overloaded Moves 165 | . . . . . . . . . . . . . . . . . . . . . . . . . . . . . . . . . 53 . . 22 90 . Propulsion Burnouts 1 | . . . . . . . . . . . . . . . . . . . . . . . . . . . . . . . . . . . . . 1 . Robots Hopped 194 | . 20 11 25 7 . 4 4 . 4 41 5 . . 1 . . 1 3 6 . . . . . . 4 . . . . . . 2 3 11 18 24 . Potential Cave-ins 60 | . . . . . . . . . . . . . . . . . . 1 . . . . . . . 2 . . . 4 . . 18 . 3 . 32 . Cave-ins Triggered 2 | . . . . . . . . . . . . . . . . . . . . . . . . . . . . . . . . . . . . . 2 . Teleports 2 | . . . . . . . . . . . . . . . . . . . . . . . . . . . . . . . . . 2 . . . . . Exploration Rate (%) 62 | 3 92 87 74 91 59 54 77 90 76 87 18 79 2 96 10 93 27 94 23 89 23 80 74 92 67 24 84 85 64 85 28 68 43 80 78 44 89 26 Regions Visited 38 Branch Regions 17 Pre-discovered Areas 11 | . 3 . 1 1 1 . . . . . . . . . . . . . . . . 2 . . . . . . 3 . . . . . . . . . Known Exits Taken 21 | . . 1 1 . 1 . 1 . 1 . . . 1 . 1 . 1 . 1 . 1 1 1 1 . . 1 1 . 1 1 . 1 1 1 . 1 . Unknown Exits Taken 9 | 1 1 . . 1 . 1 . . . . . . . . . . . . . . . . . . 1 1 . . 1 . . 1 . . . 1 . . Scrap Searched 17 | . . . . 2 . 1 . . . . . . . . . . . . . . . 3 1 . 3 . 2 3 . 2 . . . . . . . . Spaces Dug 375 | . . . . . . . 1 3 1 23 . 1 . 3 . 3 7 3 10 7 1 . . 1 3 19 15 . . 3 22 3 21 2 2 6 215 . Terrain Destroyed 1861 | . . . 14 . . . 21 9 1 31 . 1 . 263 . 175 24 169 10 48 1 11 . 87 185 92 38 64 . 50 38 13 56 3 2 8 291 156 Melee 108 | . . . . . . . 1 3 1 4 . 1 . 3 . 3 7 3 9 7 1 . . 1 3 9 10 . . . 16 3 13 2 2 6 . . Projectile 350 | . . . . . . . 1 6 . . . . . 4 . 4 . 31 1 14 . . . . 38 30 28 2 . 23 22 4 20 1 . 2 34 85 AOE 1400 | . . . 14 . . . 19 . . 27 . . . 256 . 168 17 135 . 24 . 11 . 86 144 53 . 62 . 27 . 6 23 . . . 257 71 Terrain Rammed . | . . . . . . . . . . . . . . . . . . . . . . . . . . . . . . . . . . . . . . . Walls Destroyed . | . . . . . . . . . . . . . . . . . . . . . . . . . . . . . . . . . . . . . . . Machines Disabled . | . . . . . . . . . . . . . . . . . . . . . . . . . . . . . . . . . . . . . . . Actions | -11 -10 -10 -9 -9 -9 -8 -8 -8 -8 -8 -7 -7 -7 -7 -7 -7 -7 -7 -6 -6 -5 -5 -5 -5 -4 -4 -4 -4 -4 -3 -3 -3 -3 -2 -2 -1 -1 -1 --------- Run | Yrd Mat Min Mat Min Exi Min Mat Gar Mat Gar Fac Was Fac Gar Fac Gar Fac Gar Fac Gar Fac Upp Upp War Pro Fac Upp Upp Zhi Pro Res Qua Frg Res Tes Acc Com Ac0 Total 43104 | 213 1797 606 1183 555 289 249 1264 1402 1335 1989 722 93 66 1961 286 1592 1304 3634 945 1396 766 507 511 1757 576 927 778 693 216 632 1036 695 1643 3142 803 935 4128 478 Wait 3961 | 18 570 9 67 39 . 18 80 25 101 321 152 . 48 96 35 214 168 520 30 54 9 4 . 489 . 111 5 1 . 13 139 77 201 40 7 2 285 13 Move 34358 | 155 1094 552 882 498 280 225 1018 1117 1119 1355 519 92 18 1560 237 1143 1061 2639 797 1129 697 486 508 1105 512 669 711 645 191 571 767 580 1194 2912 701 872 3439 308 Hop 158 | . 20 11 22 7 . 4 4 . 4 22 2 . . 1 . . 1 2 3 . . . . . . 3 . . . . . . 2 2 11 16 21 . Pick Up 420 | 6 13 1 15 2 2 . 11 9 12 6 10 . . 10 . 7 3 18 15 5 15 2 . 9 7 15 6 7 5 8 20 3 24 53 19 10 60 12 Fast Attach 261 | 5 5 1 7 . . . 12 11 4 3 3 . . 12 . 9 . 19 8 16 5 2 . 8 2 7 . 1 6 . 7 . 24 19 4 2 52 7 Attach 218 | . 5 . 7 . . . 4 2 1 3 3 . . 6 . 6 . 19 5 3 3 . . . 3 8 1 2 1 1 8 2 26 14 6 8 58 13 Detach 97 | . 1 . 1 . . . . . . 2 2 . . 2 . 5 . 10 . 1 1 . . . 1 . . . . . 1 2 20 8 3 2 32 3 Swap 461 | . 14 3 21 3 2 1 19 15 18 13 9 . . 34 3 23 16 34 22 17 9 5 . 20 13 30 12 6 . 2 15 3 12 25 6 6 22 8 Drop 541 | 2 22 3 18 3 2 1 19 20 11 8 13 . . 19 1 13 12 29 22 8 13 4 . 18 4 18 5 7 9 7 25 3 25 62 19 8 81 7 Fire 1384 | 27 53 26 94 3 2 . 81 80 61 36 . . . 59 . 67 9 165 15 97 6 1 . 97 30 46 21 15 . 26 27 14 45 2 5 2 72 100 Melee 426 | . . . . . 1 . 1 9 4 12 9 1 . 51 10 10 33 38 20 26 8 3 3 2 4 20 17 9 4 4 27 11 50 5 22 7 5 . Ram . | . . . . . . . . . . . . . . . . . . . . . . . . . . . . . . . . . . . . . . . Kick . | . . . . . . . . . . . . . . . . . . . . . . . . . . . . . . . . . . . . . . . Crush 7 | . . . . . . . . . . . . . . . . . . . . . . . . . . . . . . . . . . . . . . 7 Escape Stasis 519 | . . . . . . . 15 75 . 131 . . . 111 . 60 . 58 8 40 . . . . . . . . . . . . 20 . . . 1 . Rewire 201 | . . . . . . . . 39 . 68 . . . . . 18 1 74 . . . . . 1 . . . . . . . . . . . . . . Trap 49 | . . . 49 . . . . . . . . . . . . . . . . . . . . . . . . . . . . . . . . . . . Miscellaneous 43 | . . . . . . . . . . 9 . . . . . 17 . 9 . . . . . 8 . . . . . . . . . . . . . . Route ------- -11/Scrapyard -10/Materials (discovered 5 exits: *Mat x3 / *Min / *Sub) -10/Mines (discovered 2 exits: *Mat / Sub) -9/Materials (discovered 2 exits: *Mat / *Min) -9/Mines (discovered 3 exits: *Mat x2 / *Exi) -9/Exiles (discovered 2 exits: *Min x2) -8/Mines -8/Materials (discovered 5 exits: *Fac x3 / [*Sto] / Gar) -8/Garrison (discovered 4 exits: *Fac x3 / *Mat) -8/Materials (discovered 4 exits: *Fac x3 / Gar) -8/Garrison (discovered 3 exits: *Fac x3) -7/Factory -7/Waste -7/Factory (discovered 2 exits: Low / Gar) -7/Garrison (discovered 3 exits: *Fac x3) -7/Factory -7/Garrison (discovered 3 exits: *Fac x3) -7/Factory (discovered 3 exits: Fac / *Low / Gar) -7/Garrison (discovered 3 exits: *Fac x3) -6/Factory (discovered 2 exits: *Fac / Gar) -6/Garrison (discovered 3 exits: *Fac x3) -5/Factory (discovered 4 exits: *Upp x2 / Ext x2) -5/Upper Caves -5/Upper Caves (discovered 2 exits: *Fac / *War) -5/Warlord -4/Proximity Caves -4/Factory (discovered 2 exits: Res / *Upp) -4/Upper Caves -4/Upper Caves (discovered 2 exits: Res / *Zhi) -4/Zhirov -3/Proximity Caves -3/Research (discovered 4 exits: Res / Arm / *Qua x2) -3/Quarantine (discovered 3 exits: *Res / [*Sec] / *Frg) -3/Protoforge -2/Research (discovered 3 exits: *Acc x2 / *Tes) -2/Testing (discovered 2 exits: *Acc / Gar) -1/Access (discovered 2 exits: Sur / *Com) -1/Command (discovered 3 exits: *Sur x2 / *Ac0) -1/Access_0 (discovered 1 exit: Sur) History --------- Turn | Location | Event 7 | -11/Scrapyard | Discovered new exit (range 16) 168 | -11/Scrapyard | Entered Materials 290 | -10/Materials | Discovered new exit (range 15) 310 | -10/Materials | Build established: Mutant 398 | -10/Materials | Discovered new exit (range 6) 414 | -10/Materials | Identified exit to Materials 567 | -10/Materials | Central database locked down 700 | -10/Materials | Build established: Scavenger-Mutant 774 | -10/Materials | Learned location of 1 exit from Storage 818 | -10/Materials | Learned location of 1 exit from Storage 854 | -10/Materials | Learned location of 1 exit from Storage 882 | -10/Materials | Learned 4 Subcaves zone layouts 918 | -10/Materials | Learned Storage terminal intel 964 | -10/Materials | Learned 4 Subcaves zone layouts 1020 | -10/Materials | Learned 4 Recycling zone layouts 1171 | -10/Materials | Discovered new exit (range 10) 1179 | -10/Materials | Prayed at D.C.S.S. Altar Unit 1369 | -10/Materials | Matter capacity permanently improved by X0-1V1 (+200; -100 max core) 1384 | -10/Materials | Entered Mines 1390 | -10/Mines | Identified exit to Subcaves 1390 | -10/Mines | X0-1V1 revealed exit location to -10/Subcaves 1477 | -10/Mines | Build established: Mutant 1492 | -10/Mines | Utility slot count permanently improved by X0-1V1 (+1) 1493 | -10/Mines | Core integrity restored by X0-1V1 (+33) 1499 | -10/Mines | Discovered exit to Materials (range 9) 1564 | -10/Mines | Found a hidden stash of uninstalled traps 1574 | -10/Mines | Received a Rocket Launcher from a helpful Derelict 1580 | -10/Mines | Learned Materials stockpile data 1592 | -10/Mines | X0-1V1 activates XOMVISION 1680 | -10/Mines | Entered Materials 1680 | -9/Materials | Evolved 2 slots: Propulsion x1, Weapon x1 1681 | -9/Materials | Identified exit to Mines 1737 | -9/Materials | X0-1V1 added 0b10 threat records associated with you (major) 1802 | -9/Materials | X0-1V1 sent hostile G-34 Mercenary (x5) 1882 | -9/Materials | System corruption reached 10% 1906 | -9/Materials | X0-1V1 upgraded hostiles (x1) 2080 | -9/Materials | First assault squad dispatched 2091 | -9/Materials | X0-1V1 sent hostile G-34 Mercenary (x5) 2104 | -9/Materials | Discovered new exit (range 16) 2109 | -9/Materials | Central database locked down 2176 | -9/Materials | Destroyed 7 combat bots 2377 | -9/Materials | X0-1V1 added 0b10 threat records associated with you (considerable) 2402 | -9/Materials | X0-1V1 vaporized surrounding terrain (radius 19) 2444 | -9/Materials | Entered Mines 2457 | -9/Mines | Core integrity restored by X0-1V1 (+63) 2459 | -9/Mines | Discovered new exit (range 11) 2471 | -9/Mines | Build established: Gunner 2477 | -9/Mines | Learned 2 Materials zone layouts 2509 | -9/Mines | Assisted by bots powering up and referring to "LRC-V3" 2520 | -9/Mines | Assembled infested the area 2578 | -9/Mines | Found a damaged Exp. Sensor Array with a note attached 2581 | -9/Mines | Discovered new exit (range 16) 2605 | -9/Mines | Discovered new exit (range 5) 2620 | -9/Mines | A weapon hastily lodged in a ceiling crevice suddenly fell to the ground 2624 | -9/Mines | Joined a pair of Derelicts in attacking an 0b10 outpost 2657 | -9/Mines | Learned location of Storage (-8) 2673 | -9/Mines | Entered Exiles 2674 | -9/Exiles | Identified exit to Mines 2682 | -9/Exiles | Met 8R-AWN 2694 | -9/Exiles | Met EX-HEX 2712 | -9/Exiles | Met EX-DEC 2714 | -9/Exiles | Learned location of Zion (-7) 2719 | -9/Exiles | Met EX-BIN 2770 | -9/Exiles | Attacked by the Exiles 2778 | -9/Exiles | Entered Mines 2850 | -8/Mines | Found DCF Scrap (11 items) 2855 | -8/Mines | 7V-RTL came to Exiles' defense 2855 | -8/Mines | Discovered new exit (range 12) 2877 | -8/Mines | Entered Materials 2877 | -8/Materials | Evolved 2 slots: Propulsion x1, Utility x1 2878 | -8/Materials | Identified exit to Factory 2887 | -8/Materials | Discovered new exit (range 16) 2984 | -8/Materials | X0-1V1 mutated your Propulsion slot to Power slot 3068 | -8/Materials | X0-1V1 foreshadows a heat wave 3133 | -8/Materials | Ambient heat levels rising (+10) 3181 | -8/Materials | X0-1V1 enhanced Transport squad support 3230 | -8/Materials | Ambient heat levels rising (+10) 3239 | -8/Materials | X0-1V1 added 0b10 threat records associated with you (major) 3257 | -8/Materials | X0-1V1 mutated your Weapon slot to Utility slot 3291 | -8/Materials | Ambient heat levels falling (-10) 3346 | -8/Materials | X0-1V1 announced a LAN party 3348 | -8/Materials | X0-1V1 sent you into danger 3355 | -8/Materials | Ambient heat levels falling (-10) 3449 | -8/Materials | Repaired Broken Rocket Launcher+ 3525 | -8/Materials | Discovered exit to Factory (range 15) 3550 | -8/Materials | Build established: Mutant 3570 | -8/Materials | Garrison activated, responded to threat 3588 | -8/Materials | Sight range permanently improved by X0-1V1 (+1%; -150 max core) 3625 | -8/Materials | Discovered exit to Factory (range 12) 3630 | -8/Materials | Identified exit to Garrison 3634 | -8/Materials | Entered Garrison 3667 | -8/Garrison | X0-1V1 vaporized surrounding terrain (radius 16) 3673 | -8/Garrison | Triggered checkpoint 3677 | -8/Garrison | Garrison Relay disabled 3814 | -8/Garrison | Triggered checkpoint 3863 | -8/Garrison | X0-1V1 vaporized surrounding terrain (radius 16) 3921 | -8/Garrison | Triggered checkpoint 3953 | -8/Garrison | Rescued a captive Derelict 3958 | -8/Garrison | Garrison Relay disabled 3984 | -8/Garrison | Triggered checkpoint 3998 | -8/Garrison | Triggered checkpoint 4050 | -8/Garrison | X0-1V1 activates XOMVISION 4087 | -8/Garrison | Triggered checkpoint 4162 | -8/Garrison | Garrison Relay disabled 4229 | -8/Garrison | Triggered checkpoint 4233 | -8/Garrison | Identified exit to Materials 4233 | -8/Garrison | X0-1V1 revealed exit location to -8/Materials 4304 | -8/Garrison | Garrison Relay disabled 4339 | -8/Garrison | Core integrity restored by X0-1V1 (+69) 4465 | -8/Garrison | Entered Materials 4465 | -8/Materials | Accompanied by 3 allies 4653 | -8/Materials | Discovered exit to Factory (range 3) 4754 | -8/Materials | Discovered exit to Factory (range 8) 4766 | -8/Materials | Build established: Sprinter 4865 | -8/Materials | First assault squad dispatched 4970 | -8/Materials | Discovered exit to Factory (range 17) 4995 | -8/Materials | Core integrity fell below 50% 5145 | -8/Materials | Identified exit to Garrison 5145 | -8/Materials | Entered Garrison 5181 | -8/Garrison | Triggered checkpoint 5187 | -8/Garrison | X0-1V1 sent allied B-75 Beast (x1) 5194 | -8/Garrison | X0-1V1 revealed exit location to -7/Factory 5200 | -8/Garrison | Garrison Relay disabled 5247 | -8/Garrison | Core integrity fell below 20% 5295 | -8/Garrison | Triggered checkpoint 5330 | -8/Garrison | X0-1V1 revealed exit location to -7/Factory 5331 | -8/Garrison | Triggered checkpoint 5464 | -8/Garrison | Discovered exit to Factory (range 13) 5619 | -8/Garrison | Garrison Relay disabled 5623 | -8/Garrison | X0-1V1 activates XOMVISION 5623 | -8/Garrison | Garrison Relay disabled 5638 | -8/Garrison | P-60 Hacker assimilated allied Shotgunner 3d 5706 | -8/Garrison | Core integrity restored by X0-1V1 (+84) 5709 | -8/Garrison | Triggered checkpoint 5724 | -8/Garrison | Garrison Relay disabled 5755 | -8/Garrison | Triggered checkpoint 5761 | -8/Garrison | Triggered checkpoint 5814 | -8/Garrison | Garrison Relay disabled 5815 | -8/Garrison | Triggered checkpoint 5907 | -8/Garrison | Phase Generator disabled 5969 | -8/Garrison | Build established: Commander-Sprinter 5999 | -8/Garrison | X0-1V1 rewrote Commando 3a IFF filter 6025 | -8/Garrison | Triggered checkpoint 6029 | -8/Garrison | Garrison Relay disabled 6253 | -8/Garrison | X0-1V1 sent you into danger 6279 | -8/Garrison | Entered Factory 6279 | -7/Factory | Accompanied by 6 allies 6279 | -7/Factory | Evolved 2 slots: Propulsion x2 6315 | -7/Factory | Identified exit to Lower Caves 6315 | -7/Factory | X0-1V1 revealed exit location to -7/Lower Caves 6357 | -7/Factory | System corruption reached 10% 6420 | -7/Factory | X0-1V1 rewrote Commando 3c IFF filter 6502 | -7/Factory | Central database locked down 6612 | -7/Factory | Manually triggered Chute Trap 6612 | -7/Factory | Sucked down chute 6612 | -7/Factory | Entered Waste 6614 | -7/Waste | Spotted C-40 Crusher 6624 | -7/Waste | Spotted C-40 Crusher 6626 | -7/Waste | Spotted C-40 Crusher 6627 | -7/Waste | EMP discharged 6627 | -7/Waste | Spotted C-40 Crusher 6629 | -7/Waste | Spotted C-40 Crusher 6629 | -7/Waste | Spotted C-40 Crusher 6632 | -7/Waste | 3 allies followed down the chute 6634 | -7/Waste | Discovered new exit (range 13) 6637 | -7/Waste | Entered Factory 6649 | -7/Factory | X0-1V1 activates XOMVISION 6656 | -7/Factory | Identified exit to Garrison 6683 | -7/Factory | X0-1V1 revealed exit location to -7/Lower Caves 6690 | -7/Factory | Entered Garrison 6703 | -7/Garrison | X0-1V1 sent hostile Y-45 Defender (x1) 6734 | -7/Garrison | Triggered checkpoint 6756 | -7/Garrison | Identified exit to Factory 6756 | -7/Garrison | X0-1V1 revealed exit location to -7/Factory 6757 | -7/Garrison | Garrison Relay disabled 6782 | -7/Garrison | Found embedded Infiltrators 6838 | -7/Garrison | Build established: Sprinter 6860 | -7/Garrison | X0-1V1 upgraded ally (x1) 6884 | -7/Garrison | Triggered checkpoint 6898 | -7/Garrison | Triggered checkpoint 6984 | -7/Garrison | Found Prototype Launcher 6994 | -7/Garrison | Identified Mni. Smartbomb Launcher 7008 | -7/Garrison | X0-1V1 revealed exit location to -7/Factory 7009 | -7/Garrison | Lost 8 parts (3p1n3u1w) 7035 | -7/Garrison | X0-1V1 sent allied H-55 Commando (x2) 7067 | -7/Garrison | Found Mni. Smartbomb Launcher 7069 | -7/Garrison | Found Prototype Device 7069 | -7/Garrison | Identified Adv. EM Shield 7171 | -7/Garrison | Garrison Relay disabled 7177 | -7/Garrison | Discovered exit to Factory (range 16) 7279 | -7/Garrison | Triggered checkpoint 7290 | -7/Garrison | Garrison Relay disabled 7473 | -7/Garrison | Triggered checkpoint 7517 | -7/Garrison | Garrison Relay disabled 7540 | -7/Garrison | Build established: Scavenger-Sprinter 7557 | -7/Garrison | Core integrity restored by X0-1V1 (+99) 7588 | -7/Garrison | Triggered checkpoint 7618 | -7/Garrison | Rescued a captive Derelict 7619 | -7/Garrison | Rescued a captive Derelict 7627 | -7/Garrison | X0-1V1 activates XOMVISION 7633 | -7/Garrison | Entered Factory 7753 | -7/Factory | Identified exit to Garrison 7753 | -7/Factory | Entered Garrison 7768 | -7/Garrison | Triggered checkpoint 7790 | -7/Garrison | Garrison Relay disabled 7849 | -7/Garrison | X0-1V1 sent allied Knight (x1) 7888 | -7/Garrison | Triggered checkpoint 7988 | -7/Garrison | Triggered checkpoint 8030 | -7/Garrison | Lost 4 parts (1p3n) 8056 | -7/Garrison | Core integrity restored by X0-1V1 (+117) 8091 | -7/Garrison | Garrison Relay disabled 8104 | -7/Garrison | Destroyed 8 combat bots 8125 | -7/Garrison | Phase Generator disabled 8134 | -7/Garrison | Weapon slot count temporarily expanded by X0-1V1 (+4) 8163 | -7/Garrison | X0-1V1 sent allied B-48 Gladiator (x4) 8268 | -7/Garrison | Identified exit to Factory 8298 | -7/Garrison | X0-1V1 activates XOMVISION 8310 | -7/Garrison | Core integrity restored by X0-1V1 (+115) 8392 | -7/Garrison | Discovered exit to Factory (range 62) 8392 | -7/Garrison | Discovered exit to Factory (range 11) 8392 | -7/Garrison | Discovered exit to Factory (range 44) 8409 | -7/Garrison | Triggered checkpoint 8423 | -7/Garrison | X0-1V1 activates XOMVISION 8446 | -7/Garrison | Triggered checkpoint 8497 | -7/Garrison | Lost 3 allies 8503 | -7/Garrison | Triggered checkpoint 8542 | -7/Garrison | Garrison Relay disabled 8545 | -7/Garrison | Found embedded Infiltrators 8565 | -7/Garrison | X0-1V1 mutated your Utility slot to Weapon slot 8620 | -7/Garrison | X0-1V1 mutated your Utility slot to Propulsion slot 8655 | -7/Garrison | Entered Factory 8655 | -7/Factory | Accompanied by 6 allies 8663 | -7/Factory | X0-1V1 redirected Transport squads to designated parking area 8713 | -7/Factory | Discovered exit to Lower Caves (range 14) 8908 | -7/Factory | Watched by a mysterious "MATRIX" hacker 8969 | -7/Factory | Identified exit to Factory 8969 | -7/Factory | X0-1V1 revealed exit location to -6/Factory 9120 | -7/Factory | X0-1V1 sent you to a vault 9173 | -7/Factory | Identified exit to Garrison 9173 | -7/Factory | Entered Garrison 9185 | -7/Garrison | X0-1V1 destroyed Phase Generator 9185 | -7/Garrison | Phase Generator disabled 9236 | -7/Garrison | X0-1V1 vaporized surrounding terrain (radius 19) 9246 | -7/Garrison | Garrison Relay disabled 9315 | -7/Garrison | X0-1V1 activates XOMVISION 9352 | -7/Garrison | Triggered checkpoint 9431 | -7/Garrison | Triggered checkpoint 9438 | -7/Garrison | Triggered checkpoint 9538 | -7/Garrison | Weapon slot count temporarily expanded by X0-1V1 (+1) 9665 | -7/Garrison | Core integrity fell below 50% 9833 | -7/Garrison | Destroyed 8 combat bots 9863 | -7/Garrison | Lost 5 parts (1p3n1u) 9863 | -7/Garrison | X0-1V1 activates XOMVISION 9924 | -7/Garrison | X0-1V1 activates XOMVISION 9975 | -7/Garrison | X0-1V1 revealed exit location to -6/Factory 10052 | -7/Garrison | Triggered checkpoint 10097 | -7/Garrison | X0-1V1 revealed exit location to -6/Factory 10122 | -7/Garrison | X0-1V1 vaporized surrounding terrain (radius 17) 10138 | -7/Garrison | X0-1V1 mutated your Weapon slot to Propulsion slot 10190 | -7/Garrison | X0-1V1 activates XOMVISION 10256 | -7/Garrison | X0-1V1 sent you into danger 10261 | -7/Garrison | Discovered exit to Factory (range 13) 10281 | -7/Garrison | Triggered checkpoint 10290 | -7/Garrison | Core integrity restored by X0-1V1 (+94) 10315 | -7/Garrison | Lost 3 allies 10343 | -7/Garrison | Lost 5 parts (1p4n) 10431 | -7/Garrison | Garrison Relay disabled 10437 | -7/Garrison | X0-1V1 sent hostile Y-54 Guardian (x3) 10522 | -7/Garrison | X0-1V1 sent you into danger 10566 | -7/Garrison | X0-1V1 mutated your Propulsion slot to Weapon slot 10583 | -7/Garrison | Triggered checkpoint 10606 | -7/Garrison | Garrison Relay disabled 10638 | -7/Garrison | Triggered checkpoint 10683 | -7/Garrison | Triggered checkpoint 10684 | -7/Garrison | Lost 3 allies 10725 | -7/Garrison | X0-1V1 activates XOMVISION 10775 | -7/Garrison | Triggered checkpoint 10810 | -7/Garrison | Triggered checkpoint 11205 | -7/Garrison | Discovered exit to Factory (range 90) 11205 | -7/Garrison | Discovered exit to Factory (range 68) 11205 | -7/Garrison | Discovered exit to Factory (range 23) 11221 | -7/Garrison | KE Penetrator reconfigured into Item Mimic 11277 | -7/Garrison | Triggered checkpoint 11290 | -7/Garrison | X0-1V1 sent hostile G-47 Trooper (x5) 11326 | -7/Garrison | Entered Factory 11326 | -6/Factory | Evolved 2 slots: Utility x2 11469 | -6/Factory | X0-1V1 redirected Transport squads to designated parking area 11589 | -6/Factory | Discovered new exit (range 17) 11654 | -6/Factory | Destroyed 8 combat bots 11658 | -6/Factory | X0-1V1 vaporized surrounding terrain (radius 23) 11676 | -6/Factory | First assault squad dispatched 11684 | -6/Factory | Identified exit to Garrison 11691 | -6/Factory | Entered Garrison 11694 | -6/Garrison | Local machine network offline 11762 | -6/Garrison | Triggered checkpoint 11772 | -6/Garrison | Garrison Relay disabled 11779 | -6/Garrison | Triggered checkpoint 11817 | -6/Garrison | Garrison Relay disabled 11859 | -6/Garrison | X0-1V1 activates XOMVISION 11870 | -6/Garrison | X0-1V1 mutated your Weapon slot to Propulsion slot 11910 | -6/Garrison | Triggered checkpoint 11927 | -6/Garrison | X0-1V1 destroyed Phase Generator 11927 | -6/Garrison | Phase Generator disabled 11948 | -6/Garrison | X0-1V1 activates XOMVISION 12025 | -6/Garrison | Identified exit to Factory 12025 | -6/Garrison | X0-1V1 revealed exit location to -5/Factory 12043 | -6/Garrison | Triggered checkpoint 12057 | -6/Garrison | Spotted B-75 Beast 12085 | -6/Garrison | Destroyed B-75 Beast 12147 | -6/Garrison | Discovered exit to Factory (range 9) 12149 | -6/Garrison | Triggered checkpoint 12162 | -6/Garrison | X0-1V1 whisked you away to safety 12283 | -6/Garrison | Triggered checkpoint 12307 | -6/Garrison | Spotted B-75 Beast 12307 | -6/Garrison | X0-1V1 sent you into danger 12315 | -6/Garrison | Imp. Antigrav System reconfigured into Item Mimic 12336 | -6/Garrison | Discovered exit to Factory (range 10) 12423 | -6/Garrison | Entered Factory 12423 | -5/Factory | Evolved 2 slots: Weapon x2 12523 | -5/Factory | System corruption reached 10% 12550 | -5/Factory | X0-1V1 sent you into danger 12657 | -5/Factory | Identified exit to Upper Caves 12657 | -5/Factory | Identified exit to Extension 12723 | -5/Factory | First assault squad dispatched 12730 | -5/Factory | Entered Upper Caves 12736 | -5/Upper Caves | Met a Warlord Commander 12737 | -5/Upper Caves | Learned location of Warlord (-5) 12738 | -5/Upper Caves | Warlord Commander delivered Encrypted Comm Array 12742 | -5/Upper Caves | Found Encrypted Comm Array 12761 | -5/Upper Caves | X0-1V1 sent hostile G-50 Soldier (x4) 12780 | -5/Upper Caves | Spotted B-75 Beast 12847 | -5/Upper Caves | Identified exit to Upper Caves 12847 | -5/Upper Caves | X0-1V1 revealed exit location to -5/Upper Caves 12924 | -5/Upper Caves | Entered another Upper Caves area 12943 | -5/Upper Caves | Encountered a Warlord checkpoint 12944 | -5/Upper Caves | Discovered new exit (range 16) 12971 | -5/Upper Caves | Identified exit to Warlord 12971 | -5/Upper Caves | X0-1V1 revealed exit location to -5/Warlord 13005 | -5/Upper Caves | X0-1V1 activates XOMVISION 13111 | -5/Upper Caves | Entered Warlord 13184 | -5/Warlord | Build established: Mutant 13231 | -5/Warlord | Found Prototype Device 13231 | -5/Warlord | Identified System Purifier 13236 | -5/Warlord | Found Prototype Device 13236 | -5/Warlord | Identified Exp. Cloaking Device 13252 | -5/Warlord | Found Prototype Reactor 13252 | -5/Warlord | Identified Vortex Chain Reactor 13264 | -5/Warlord | Found Prototype Processor 13264 | -5/Warlord | Identified Spectral Analyzer 13306 | -5/Warlord | Met Warlord 13321 | -5/Warlord | Visited the Vortex Lab 13323 | -5/Warlord | Found Prototype Energy Gun 13323 | -5/Warlord | Identified Vortex Rail 13331 | -5/Warlord | Warlord's base attacked by MAIN.C 13359 | -5/Warlord | X0-1V1 activates XOMVISION 13399 | -5/Warlord | X0-1V1 turns hostiles against one another 13457 | -5/Warlord | Spotted B-75 Beast 13469 | -5/Warlord | Destroyed B-75 Beast 13514 | -5/Warlord | Build established: Sprinter 13541 | -5/Warlord | Spotted B-86 Titan 13563 | -5/Warlord | Destroyed B-86 Titan 13670 | -5/Warlord | Spotted Striker 13681 | -5/Warlord | Warlord forces counterattacked 13686 | -5/Warlord | Spotted Striker 13694 | -5/Warlord | Destroyed Striker 13698 | -5/Warlord | Spotted Executioner 13748 | -5/Warlord | Destroyed 12 combat bots 13765 | -5/Warlord | Spotted Executioner 13773 | -5/Warlord | Lost 10 allies 13827 | -5/Warlord | Lost 3 allies 13833 | -5/Warlord | Spotted Executioner 13847 | -5/Warlord | Spotted Striker 13860 | -5/Warlord | X0-1V1 sent allied B-90 Cyclops (x1) 13871 | -5/Warlord | Allies destroyed Striker 13883 | -5/Warlord | Spotted Executioner 13895 | -5/Warlord | Destroyed Executioner 13904 | -5/Warlord | Lost 7 allies 13928 | -5/Warlord | Destroyed 12 combat bots 13951 | -5/Warlord | Spotted B-86 Titan 13987 | -5/Warlord | Destroyed B-86 Titan 13990 | -5/Warlord | Spotted Striker 14006 | -5/Warlord | Warlord base infiltrated, sounded retreat 14013 | -5/Warlord | Spotted Striker 14036 | -5/Warlord | Spotted Executioner 14050 | -5/Warlord | Identified exit to Proximity Caves 14050 | -5/Warlord | X0-1V1 revealed exit location to -4/Proximity Caves 14080 | -5/Warlord | X0-1V1 activates XOMVISION 14148 | -5/Warlord | Spotted Executioner 14156 | -5/Warlord | Spotted Striker 14157 | -5/Warlord | Spotted Executioner 14158 | -5/Warlord | Spotted Striker 14161 | -5/Warlord | P-80 Master assimilated allied OM-OTK(g) 14202 | -5/Warlord | Lost 10 allies 14224 | -5/Warlord | Entered Proximity Caves 14303 | -4/Proximity Caves | Destroyed 10 combat bots 14332 | -4/Proximity Caves | Found Alien Artifact 14389 | -4/Proximity Caves | X0-1V1 sent you into danger 14457 | -4/Proximity Caves | Discovered new exit (range 17) 14556 | -4/Proximity Caves | Entered Factory 14556 | -4/Factory | Evolved 2 slots: Propulsion x1, Utility x1 14564 | -4/Factory | X0-1V1 vaporized surrounding terrain (radius 16) 14582 | -4/Factory | X0-1V1 announced a LAN party 14593 | -4/Factory | X0-1V1 tapped a No Entrance sign 14803 | -4/Factory | Garrison activated, responded to threat 14949 | -4/Factory | Destroyed 21 combat bots 14950 | -4/Factory | Lost 4 parts (4n) 14988 | -4/Factory | Identified exit to Research 14988 | -4/Factory | X0-1V1 revealed exit location to -3/Research 15006 | -4/Factory | Repaired Mic. Antimatter Reactor 15051 | -4/Factory | Repaired Mni. Smartbomb Launcher 15056 | -4/Factory | First assault squad dispatched 15071 | -4/Factory | X0-1V1 enhanced Transport squad support 15110 | -4/Factory | Discovered new exit (range 9) 15126 | -4/Factory | Entered Upper Caves 15163 | -4/Upper Caves | Identified exit to Upper Caves 15163 | -4/Upper Caves | X0-1V1 revealed exit location to -4/Upper Caves 15282 | -4/Upper Caves | Encountered a Warlord checkpoint 15410 | -4/Upper Caves | Spotted B-86 Titan 15428 | -4/Upper Caves | Attracted the attention of an 0b10 outpost 15434 | -4/Upper Caves | Learned 4 Research zone layouts 15444 | -4/Upper Caves | Entered another Upper Caves area 15484 | -4/Upper Caves | Identified exit to Zhirov 15484 | -4/Upper Caves | X0-1V1 revealed exit location to -4/Zhirov 15488 | -4/Upper Caves | Encountered a Warlord checkpoint 15531 | -4/Upper Caves | X0-1V1 activates XOMVISION 15552 | -4/Upper Caves | X0-1V1 revealed exit location to -3/Research 15668 | -4/Upper Caves | Found Imp. Powered Armor 15680 | -4/Upper Caves | Entered Zhirov 15680 | -4/Zhirov | Discovered new exit (range 4) 15685 | -4/Zhirov | Met Zhirov 15690 | -4/Zhirov | Learned location of Quarantine (-3) 15690 | -4/Zhirov | Learned location of Testing (-2) 15690 | -4/Zhirov | Learned location of Command (-1) 15693 | -4/Zhirov | Zhirov requested help retrieving the SGEMP Prototype 15697 | -4/Zhirov | Found Alien Artifact 15697 | -4/Zhirov | Identified Integrated Dissipator 15697 | -4/Zhirov | Installed Integrated Dissipator, increased core heat dissipation (+20) 15703 | -4/Zhirov | Found Alien Artifact 15753 | -4/Zhirov | Entered Proximity Caves 15779 | -3/Proximity Caves | X0-1V1 activates XOMVISION 15892 | -3/Proximity Caves | Spotter reported a threat 15924 | -3/Proximity Caves | X0-1V1 revealed exit location to -3/Research 15941 | -3/Proximity Caves | X0-1V1 activates XOMVISION 16044 | -3/Proximity Caves | Entered Research 16044 | -3/Research | Evolved 2 slots: Propulsion x1, Utility x1 16060 | -3/Research | Found Exp. Terrain Scanner 16149 | -3/Research | Identified exit to Armory 16149 | -3/Research | Identified exit to Quarantine 16163 | -3/Research | Central database locked down 16308 | -3/Research | Found Prototype Launcher 16313 | -3/Research | System corruption reached 10% 16317 | -3/Research | X0-1V1 enhanced Transport squad support 16330 | -3/Research | X0-1V1 sent you into danger 16343 | -3/Research | Found Prototype Protection 16343 | -3/Research | Identified Centrium Heavy Armor Plating 16355 | -3/Research | Identified Tactical Quantum Warhead 16389 | -3/Research | Identified exit to Research 16389 | -3/Research | X0-1V1 revealed exit location to -2/Research 16392 | -3/Research | X0-1V1 redirected Transport squads to designated parking area 16493 | -3/Research | Repaired Broken Mic. Fission Core 16526 | -3/Research | Entered Quarantine 16591 | -3/Quarantine | Cryocooling Duct disabled 16596 | -3/Quarantine | Discovered exit to Research (range 12) 16606 | -3/Quarantine | Ambient heat levels rising (+20) 16606 | -3/Quarantine | Non-combat units ordered to evacuate 16637 | -3/Quarantine | Found Alien Artifact 16670 | -3/Quarantine | X0-1V1 announced a LAN party 16675 | -3/Quarantine | Found Alien Artifact 16684 | -3/Quarantine | X0-1V1 added 0b10 threat records associated with you (considerable) 16696 | -3/Quarantine | Spotted Fortress 16697 | -3/Quarantine | X0-1V1 whisked you away to safety 16709 | -3/Quarantine | X0-1V1 mutated your Propulsion slot to Weapon slot 16768 | -3/Quarantine | X0-1V1 added 0b10 threat records associated with you (considerable) 16774 | -3/Quarantine | Discovered new exit (range 6) 16774 | -3/Quarantine | Discovered new exit (range 7) 16802 | -3/Quarantine | X0-1V1 sent hostile L-61 Swordsman (x2) 16802 | -3/Quarantine | Entered Protoforge 16807 | -3/Protoforge | Spotted Hotshot 16819 | -3/Protoforge | X0-1V1 mutated your Propulsion slot to Weapon slot 16823 | -3/Protoforge | Spotted Hotshot 16855 | -3/Protoforge | Spotted Hotshot 16856 | -3/Protoforge | X0-1V1 sent hostile B-74 Champion (x2) 16887 | -3/Protoforge | Spotted Hotshot 16895 | -3/Protoforge | Spotted Hotshot 16901 | -3/Protoforge | Identified Transdimensional Reconstructor 16901 | -3/Protoforge | Warped through subspace 16946 | -3/Protoforge | Superfortress began startup sequence 17003 | -3/Protoforge | Found Prototype Storage 17011 | -3/Protoforge | Identified Cep. NT7 Matterbank 17015 | -3/Protoforge | Found Prototype Device 17019 | -3/Protoforge | Identified Exp. System Purifier 17024 | -3/Protoforge | Found Prototype Device 17027 | -3/Protoforge | Identified Cep. Antimissile System 17043 | -3/Protoforge | X0-1V1 activates XOMVISION 17067 | -3/Protoforge | X0-1V1 revealed exit location to -2/Research 17118 | -3/Protoforge | Lost 3 parts (2u1w) 17119 | -3/Protoforge | Spotted Decapitator 17121 | -3/Protoforge | Spotted Decapitator 17121 | -3/Protoforge | Spotted Decapitator 17121 | -3/Protoforge | Spotted Decapitator 17125 | -3/Protoforge | Destroyed Decapitator 17125 | -3/Protoforge | Destroyed Decapitator 17127 | -3/Protoforge | Destroyed Decapitator 17132 | -3/Protoforge | Spotted Hotshot 17137 | -3/Protoforge | Found Prototype Device 17140 | -3/Protoforge | Found Exp. Signal Interpreter 17144 | -3/Protoforge | Spotted Immortal 17144 | -3/Protoforge | Spotted Immortal 17146 | -3/Protoforge | Spotted Decapitator 17146 | -3/Protoforge | Spotted Decapitator 17146 | -3/Protoforge | Spotted Decapitator 17146 | -3/Protoforge | Spotted Decapitator 17148 | -3/Protoforge | Destroyed Decapitator 17148 | -3/Protoforge | Destroyed Decapitator 17150 | -3/Protoforge | Core integrity fell below 50% 17150 | -3/Protoforge | Destroyed Decapitator 17150 | -3/Protoforge | Destroyed Decapitator 17164 | -3/Protoforge | Identified Crosscalibrator 17194 | -3/Protoforge | X0-1V1 turns hostiles against one another 17208 | -3/Protoforge | Lost 6 parts (4n1u1w) 17208 | -3/Protoforge | Allies destroyed Immortal 17211 | -3/Protoforge | Spotted Hotshot 17211 | -3/Protoforge | Spotted Hotshot 17240 | -3/Protoforge | Destroyed Decapitator 17256 | -3/Protoforge | Identified Hpw. Transdimensional Reconstructor 17256 | -3/Protoforge | Warped through subspace 17269 | -3/Protoforge | Spotted V597-a 17269 | -3/Protoforge | Spotted V113-r 17275 | -3/Protoforge | Found Prototype Slashing Weapon 17277 | -3/Protoforge | Identified Cep. Deflector Sword 17280 | -3/Protoforge | Found Cep. Deflector Sword 17281 | -3/Protoforge | Spotted V128-s 17282 | -3/Protoforge | Found Prototype Ballistic Gun 17288 | -3/Protoforge | Lost 3 parts (2n1u) 17312 | -3/Protoforge | Identified Cep. XC Strikerail 17313 | -3/Protoforge | Found Cep. XC Strikerail 17360 | -3/Protoforge | Spotted Decapitator 17360 | -3/Protoforge | Spotted Decapitator 17368 | -3/Protoforge | X0-1V1 vaporized surrounding terrain (radius 17) 17368 | -3/Protoforge | Spotted V922-e 17368 | -3/Protoforge | Spotted V067-e 17368 | -3/Protoforge | Spotted V681-a 17369 | -3/Protoforge | Spotted V764-h 17403 | -3/Protoforge | X0-1V1 whisked you away to safety 17461 | -3/Protoforge | Core integrity fell below 20% 17473 | -3/Protoforge | Destroyed Decapitator 17478 | -3/Protoforge | Destroyed Decapitator 17496 | -3/Protoforge | Spotted V300-q 17520 | -3/Protoforge | Found Cep. Antigrav Storage Unit 17525 | -3/Protoforge | Found Prototype Device 17527 | -3/Protoforge | Found Prototype Device 17531 | -3/Protoforge | Lost 6 parts (1p2n2u1w) 17531 | -3/Protoforge | Found Prototype Device 17534 | -3/Protoforge | Found Cep. NT7 Matterbank 17535 | -3/Protoforge | Identified Cep. Matter Streamer (x3) 17592 | -3/Protoforge | X0-1V1 sent you to a vault 17593 | -3/Protoforge | Found Prototype Device 17593 | -3/Protoforge | Identified Exp. Transmission Jammer 17603 | -3/Protoforge | Found Prototype Processor 17603 | -3/Protoforge | Identified Exp. Armor Integrity Analyzer 17621 | -3/Protoforge | System corruption reached 30% 17701 | -3/Protoforge | Entered Research 17701 | -2/Research | Warlord forces began assault on 0b10 17701 | -2/Research | Evolved 2 slots: Propulsion x1, Utility x1 17726 | -2/Research | Distinguished unit "The Professionals" dispatched to help 17726 | -2/Research | Distinguished unit "Lair Dwellers" dispatched to help 17811 | -2/Research | Research machine network offline 17892 | -2/Research | Build established: Mutant 17963 | -2/Research | Borebot progress halted 18052 | -2/Research | X0-1V1 enhanced Transport squad support 18058 | -2/Research | Spotted Striker 18218 | -2/Research | Borebot progress halted 18222 | -2/Research | Discovered new exit (range 24) 18257 | -2/Research | Identified exit to Access 18382 | -2/Research | Build established: Scavenger-Executioner 18482 | -2/Research | X0-1V1 announced a LAN party 18552 | -2/Research | Found Megatreads 18599 | -2/Research | X0-1V1 sent you to a vault 18608 | -2/Research | Found Prototype Device 18611 | -2/Research | Identified Exp. Weapon Cycler 18611 | -2/Research | Found Prototype Device 18622 | -2/Research | Identified Femtoactuators 18657 | -2/Research | Met up with Warlord 18662 | -2/Research | Found Prototype Processor 18666 | -2/Research | Identified Exp. Core Analyzer 18668 | -2/Research | Found Prototype Device 18674 | -2/Research | Spotted Executioner 18674 | -2/Research | Spotted Executioner 18674 | -2/Research | Spotted Executioner 18675 | -2/Research | Identified Adv. Kinecellerator 18685 | -2/Research | X0-1V1 mutated your Weapon slot to Utility slot 18700 | -2/Research | Discovered exit to Access (range 9) 18718 | -2/Research | X0-1V1 mutated your Utility slot to Propulsion slot 18740 | -2/Research | Build established: Scavenger-Sprinter 18750 | -2/Research | Spotted B-90 Cyclops 18786 | -2/Research | Found Prototype Device 18792 | -2/Research | Identified Exp. EM Shield 18818 | -2/Research | Identified exit to Testing 18818 | -2/Research | X0-1V1 revealed exit location to -2/Testing 18865 | -2/Research | X0-1V1 mutated your Weapon slot to Propulsion slot 18878 | -2/Research | System corruption reached 10% 18937 | -2/Research | X0-1V1 added 0b10 threat records associated with you (considerable) 18944 | -2/Research | Spotted Executioner 18944 | -2/Research | X0-1V1 mutated your Propulsion slot to Utility slot 18974 | -2/Research | X0-1V1 added 0b10 threat records associated with you (considerable) 19026 | -2/Research | X0-1V1 added 0b10 threat records associated with you (considerable) 19088 | -2/Research | X0-1V1 mutated your Utility slot to Weapon slot 19104 | -2/Research | X0-1V1 sent hostile Thug (x3) 19124 | -2/Research | Found Gamma Bomb Array 19158 | -2/Research | Spotted Striker 19158 | -2/Research | Spotted Striker 19190 | -2/Research | Entered Testing 19195 | -2/Testing | Identified exit to Garrison 19206 | -2/Testing | Found Prototype Energy Cannon 19206 | -2/Testing | Identified Cld. Nova Cannon 19214 | -2/Testing | Found Prototype Hackware 19217 | -2/Testing | Identified Exp. Hacking Suite 19308 | -2/Testing | Central database locked down 19312 | -2/Testing | X0-1V1 added 0b10 threat records associated with you (minor) 19329 | -2/Testing | X0-1V1 redirected Transport squads to designated parking area 19378 | -2/Testing | X0-1V1 activates XOMVISION 19392 | -2/Testing | X0-1V1 revealed exit location to -1/Access 19432 | -2/Testing | Weapon slot count temporarily expanded by X0-1V1 (+2) 19440 | -2/Testing | Search patrols dispatched 19462 | -2/Testing | Found Prototype Energy Gun 19462 | -2/Testing | Identified Hyp. EM Gauss Rifle 19463 | -2/Testing | X0-1V1 added 0b10 threat records associated with you (minor) 19472 | -2/Testing | Scanned by Researcher 19484 | -2/Testing | Found Prototype Energy Cannon 19487 | -2/Testing | Entered Access 19504 | -1/Access | Identified Potential Cannon 19535 | -1/Access | X0-1V1 added 0b10 threat records associated with you (minor) 19542 | -1/Access | X0-1V1 mutated your Propulsion slot to Weapon slot 19625 | -1/Access | X0-1V1 vaporized surrounding terrain (radius 18) 19651 | -1/Access | Spotted B-99 Colossus 19651 | -1/Access | X0-1V1 whisked you away to safety 19653 | -1/Access | Weapon slot count temporarily expanded by X0-1V1 (+2) 19662 | -1/Access | X0-1V1 destroyed Energy Cycler 19662 | -1/Access | Energy Cycler disabled 19699 | -1/Access | Spotted B-99 Colossus 19699 | -1/Access | X0-1V1 sent allied X-87 Electro (x2) 19719 | -1/Access | Garrison activated, responded to threat 19720 | -1/Access | Identified exit to Surface 19720 | -1/Access | X0-1V1 revealed exit location to -0/Surface 19722 | -1/Access | Discovered new exit (range 8) 19723 | -1/Access | Entered Command 19741 | -1/Command | Build established: Sprinter 19772 | -1/Command | X0-1V1 activates XOMVISION 19785 | -1/Command | Disengaged cave seal 19787 | -1/Command | Welcomed Warlord to Command 19795 | -1/Command | X0-1V1 sent you into danger 19807 | -1/Command | Spotted M Guard 19808 | -1/Command | Spotted M Guard 19808 | -1/Command | Spotted Combat Programmer 19808 | -1/Command | Spotted Combat Programmer 19817 | -1/Command | X0-1V1 activates XOMVISION 19831 | -1/Command | Destroyed Combat Programmer 19848 | -1/Command | System corruption reached 10% 19865 | -1/Command | Core integrity fell below 50% 19865 | -1/Command | Destroyed Combat Programmer 19870 | -1/Command | Crushed by falling debris 19878 | -1/Command | Core integrity restored by X0-1V1 (+256) 19882 | -1/Command | X0-1V1 mutated your Weapon slot to Utility slot 19924 | -1/Command | Lost 3 allies 19926 | -1/Command | X0-1V1 whisked you away to safety 19954 | -1/Command | Lost 17 parts (1p6n5u5w) 20006 | -1/Command | All MAIN.C guards destroyed 20024 | -1/Command | Spotted Executioner 20024 | -1/Command | X0-1V1 sent you to a vault 20077 | -1/Command | Hvy. Shield Leg reconfigured into Item Mimic 20114 | -1/Command | X0-1V1 activates XOMVISION 20124 | -1/Command | Build established: Mutant 20156 | -1/Command | Identified Subatomic Replicator 20156 | -1/Command | Used Subatomic Replicator to replicate Potential Cannon 20170 | -1/Command | Met MAIN.C 20173 | -1/Command | 0b10 Conduit disabled 20192 | -1/Command | Destroyed MAIN.C Shell 20194 | -1/Command | MAIN.C activated Command garrisons 20243 | -1/Command | Destroyed MAIN.C 20261 | -1/Command | X0-1V1 turns hostiles against one another 20261 | -1/Command | Spotted B-99 Colossus 20261 | -1/Command | X0-1V1 whisked you away to safety 20267 | -1/Command | Discovered exit to Surface (range 7) 20272 | -1/Command | Discovered exit to Surface (range 49) 20272 | -1/Command | Discovered exit to Surface (range 102) 20272 | -1/Command | Extracted map data and part IDs from MAIN.C's data core 20284 | -1/Command | Spotted Executioner 20284 | -1/Command | Spotted Striker 20284 | -1/Command | Spotted B-99 Colossus 20288 | -1/Command | Core integrity fell below 20% 20317 | -1/Command | Lost 5 parts (1p4n) 20339 | -1/Command | Lost 3 allies 20353 | -1/Command | Spotted B-99 Colossus 20357 | -1/Command | X0-1V1 sent hostile H-88 Terminator (x3) 20419 | -1/Command | X0-1V1 mutated your Utility slot to Propulsion slot 20461 | -1/Command | X0-1V1 mutated your Weapon slot to Utility slot 20487 | -1/Command | X0-1V1 vaporized surrounding terrain (radius 24) 20522 | -1/Command | X0-1V1 sent you into danger 20528 | -1/Command | Spotted B-99 Colossus 20537 | -1/Command | X0-1V1 sent you into danger 20540 | -1/Command | Identified exit to Access_0 20540 | -1/Command | X0-1V1 revealed exit location to -1/Access_0 20549 | -1/Command | Core integrity restored by X0-1V1 (+216) 20614 | -1/Command | Core integrity restored by X0-1V1 (+216) 20617 | -1/Command | X0-1V1 activates XOMVISION 20621 | -1/Command | Weapon slot count temporarily expanded by X0-1V1 (+2) 20638 | -1/Command | Core integrity restored by X0-1V1 (+297) 20682 | -1/Command | X0-1V1 sent hostile Fireman (x2) 20735 | -1/Command | Build established: Scavenger-Sprinter 20769 | -1/Command | Core integrity restored by X0-1V1 (+297) 20773 | -1/Command | X0-1V1 mutated your Propulsion slot to Utility slot 20810 | -1/Command | Found Exp. System Purifier 20860 | -1/Command | Found Vortex Chain Reactor 20864 | -1/Command | Found Vortex Chain Reactor 20895 | -1/Command | Found Adv. Kinecellerator 20907 | -1/Command | Found Gamma Refractor 21079 | -1/Command | Found Point Singularity Launcher 21300 | -1/Command | Build established: Gunner 21501 | -1/Command | Found Exp. Weapon Cycler 21612 | -1/Command | Found Multirail 21901 | -1/Command | Crushed by falling debris 21971 | -1/Command | X0-1V1 activates XOMVISION 21995 | -1/Command | Entered Access_0 21998 | -1/Access_0 | Met Architect 22014 | -1/Access_0 | Destroyed A8 22028 | -1/Access_0 | Architect warped through subspace 22048 | -1/Access_0 | Found Exp. Thermal Shield 22071 | -1/Access_0 | Architect warped through subspace 22120 | -1/Access_0 | Architect warped through subspace 22168 | -1/Access_0 | Architect warped through subspace 22229 | -1/Access_0 | Architect warped through subspace 22235 | -1/Access_0 | X0-1V1 revealed exit location to -0/Surface 22257 | -1/Access_0 | Architect warped through subspace 22286 | -1/Access_0 | X0-1V1 sent allied Striker (x2) 22397 | -1/Access_0 | Architect warped through subspace 22431 | -1/Access_0 | Architect warped through subspace 22436 | -1/Access_0 | A6 warped into view 22443 | -1/Access_0 | Destroyed A6 22446 | -1/Access_0 | Found Corrupted Med. Regenerative Plating 22478 | -1/Access_0 | Architect warped through subspace 22533 | -1/Access_0 | Architect warped through subspace 22561 | -1/Access_0 | Found Exp. Thermal Shield 22610 | -1/Access_0 | Build established: Scavenger-Tank 22611 | -1/Access_0 | Released all parts (15) 22619 | -1/Access_0 | X0-1V1 rescued you from certain death 22666 | -1/Access_0 | Destroyed by Enhanced Grunt with Neutron Cannon Last Messages --------------- 22617_ Quantum Shear penetrates Earth. 22617_ Penetrated by Quantum Shear. 22618_ SKBV5T1AU %TXRHPEAVOL#J0DLDFCN6WUG Q K/V 22619_ Penetrated by Quantum Shear. 22619_ X0-1V1 barely happened to notice your imminent destruction. 22619_ Core integrity partially restored (661). The surroundings shift and blur. 22626_ Sight range returns to normal. 22644_ Quantum Shear penetrates Wall. 22650_ Ranged accuracy returns to normal. 22651_ Quantum Shear penetrates Wall. 22653_ Penetrated by HV Slug. 22655_ Acquired 4 matter. 22655_ HV Slug penetrates Wall. 22657_ System corrupted: Energy discharge (-23). 22657_ Quantum Shear penetrates Wall. 22659_ Penetrated by Quantum Shear. 22662_ X0-1V1 enshrouds you in a swirling icy cloud. X0-1V1's Piety Tracker suddenly appears amidst shimmering waves of color. 22666_ X0-1V1 giggles madly! Map ----- +----------------------------------------------------+ | ???????????????# #???? ????? | | ??????????????## "###??? ## ???? | | ??????????????# "#????# #?## ???? | | ??????????????# "#????##???## #???? | | ?????????????#####" ###????????# ????? | | ???????#######"""### #??###???# ????? | | ? #?# ##??# ?????? | | ? ## #??# ????? | | ????############"# ##" #???## ??????? | | ????????????????#" "# " ##????????????? | | ????????????????#"" "#### #????????????? | | ????????????????#####???# ## #????????????? | | ????????????????????????# ##?####????????????? | | ?????????????????????#??####" ##????????????????? | | ????????????????????## ???#"#g ###??????????????? | | ????????????????????# ???## "## ##??????????? | | ????????????????????? ??## g #??????????? | | ??????????????????????# ### ####??????????? | | ??????????????????????# #;g #" ##?????????????? | | ??????????? ?????#????# ######??????????????? | | ???????????# ### ???### ;#???????????????????? | | ???????????# ###?## ##???????????????????? | | ???????????# ### #????????????????????? | | ????????????????#! #????????????????????? | | ????????????????## #????????????????????? | | ?????????????????########@###????????????????????? | | ????????????????????????# #??????????????????????? | | ????????????????????????# #??????????????????????? | | ????????????????????????# #??????????????????????? | | ????????????????????????# #??????????????????????? | | ????????????????????????# ??????????????????????? | | ????????????????????????###??????????????????????? | | ?????????????????????????????????????????????????? | | ?????????????????????????????????????????????????? | | ?????????????????????????????????????????????????? | | ?????????????????????????????????????????????????? | | ?????????????????????????????????????????????????? | | ?????????????????????????????????????????????????? | | ?????????????????????????????????????????????????? | | ?????????????????????????????????????????????????? | | ?????????????????????????????????????????????????? | | ?????????????????????????????????????????????????? | | ?????????????????????????????????????????????????? | | ?????????????????????????????????????????????????? | | ?????????????????????????????????????????????????? | | ?????????????????????????????????????????????????? | | ?????????????????????????????????????????????????? | | ?????????????????????????????????????????????????? | | ?????????????????????????????????????????????????? | | ?????????????????????????????????????????????????? | +----------------------------------------------------+ Best States ------------- Heat Dissipation 148 Energy Generation 87 Energy Capacity 1900 Matter Stores 1200 Matter Capacity 1250 Sight Range 30 Terrain Scan Range 30 Terrain Scan Density 10 Jamming Range 22 Power Amplification 30 Additional Mass Support 12 Armor Coverage 450 Resistance: KI 41 Resistance: TH 30 Resistance: EM 75 Core Shielding 40 Point Defense Rating 240 Projectile Deflection 15 Weapon Cycling 30 Phase Shifting 5 Evasion (%) 80 Targeting Accuracy 8 Target Analysis 5 Core Analysis 8 Armor Integrity Analysis 50 Recoil Reduction 8 Matter Filtering 50 Particle Charging 50 Kinecelleration 50 Salvage Targeting 1 Offensive Hacking 30 Defensive Hacking 14 Item Schematics ----------------- Flight Unit | -10/Materials | Hacked Lgt. Assault Rifle | -10/Materials | Hacked Heat Sink | -10/Mines | Hacked Imp. Flight Unit | -8/Materials | Scanalyzed Rocket Launcher | -8/Materials | Scanalyzed Hvy. Assault Rifle | -8/Materials | Scanalyzed Imp. VTOL Module | -8/Materials | Scanalyzed Lgt. Fission Core | -7/Factory | Hacked Assault Drone Bay | -4/Zhirov | Free Exp. Heat Sink | -4/Zhirov | Free Exp. Optical Array | -4/Zhirov | Free Imp. Arc Thrower | -4/Zhirov | Free Plasma Sword | -3/Protoforge | Archive Exp. Core Analyzer | -2/Testing | Archive Cld. Q-thruster | -2/Testing | Archive Exp. Propulsion Shielding | -2/Testing | Archive Imp. Diametric Drive | -2/Testing | Archive Hvy. Neutron Cannon | -2/Testing | Archive Exp. Q-thruster | -2/Testing | Archive Robot Schematics ------------------ None Fabricated ------------ Nothing Repaired ---------- Rocket Launcher | 99% | -8/Materials | Broken Mic. Antimatter Reactor | 1% | -4/Factory Mni. Smartbomb Launcher | 5% | -4/Factory Mic. Fission Core | 46% | -3/Research | Broken Studied --------- Lgt. Ion Engine | -9/Materials | Hacked Flight Unit | -8/Materials | Hacked Autogun | -8/Materials | Hacked Hvy. Assault Rifle | -8/Materials | Hacked Rocket Launcher | -8/Materials | Hacked Datajack | -8/Materials | Hacked Lgt. Nuclear Core | -7/Factory | Hacked VTOL Module | -6/Factory | Hacked Mic. Antimatter Reactor | -4/Factory | Hacked Impulse Thruster Array | -3/Research | Hacked Lgt. Fission Core | -2/Testing | Hacked Com. HERF Cannon | -2/Testing | Hacked Alien Tech Used ----------------- Integrated Dissipator Transdimensional Reconstructor High-powered Transdimensional Reconstructor Subatomic Replicator Achievements -------------- Showdown Challenges ------------ None Game ------ Seed CompactResetPenetrator Manual? 0 Play Time 09:38:15 Cumulative 1513.0 hours Start 2026.06.30 @ 23:32:09 End 2026.07.05 @ 03:47:22 Sessions 21 Manual Loads 0 Difficulty Rogue Special Mode None Game No. 670 Rogue 670 Adventurer 0 Explorer 0 Win Type - Total 31 Types 15/6/3/0/1/1/2/2/0/1 Lore% 93 Gallery% 87 Achievement% 75 Wizard Run 0 Options --------- Layout 0 ASCII 0 Keyboard 0 Movement Numpad Keybinds 0 Fullscreen 2 Font 24/Smallcaps Map View 76x50 Zoom Use 0% Tactical HUD 1 Map Filters NONE Filters NONE Steam 1 RUN: d252eee9-7c7e-4196-a0d5-26c5ad9e20ea